Workbook
Name \0: #REF!
Name \0: #REF!
Name \0: #REF!
Name \0: #REF!
Name \0: #REF!
Name \0: #REF!
Name \0: #REF!
Name \0: #REF!
Name \0: #REF!
Name \0: #REF!
Name \0: #REF!
Name \0: #REF!
Name \0: #REF!
Name \00: #REF!
Name \00: #REF!
Name \00: #REF!
Name \00: #REF!
Name \00: #REF!
Name \a: #REF!
Name \AA: #REF!
Name \AA: #REF!
Name \AA: #REF!
Name \AA: #REF!
Name \AA: #REF!
Name \b: #REF!
Name \b: #REF!
Name \b: #REF!
Name \b: #REF!
Name \b: #REF!
Name \b: #REF!
Name \b: #REF!
Name \b: #REF!
Name \bb: #REF!
Name \bb: #REF!
Name \bb: #REF!
Name \bb: #REF!
Name \bb: #REF!
Name \c: #REF!
Name \c: #REF!
Name \c: #REF!
Name \c: #REF!
Name \c: #REF!
Name \c: #REF!
Name \c: #REF!
Name \c: #REF!
Name \e: #REF!
Name \E: #REF!
Name \e: #REF!
Name \e: #REF!
Name \e: #REF!
Name \e: #REF!
Name \e: #REF!
Name \e: #REF!
Name \E: #REF!
Name \e: #REF!
Name \e: #REF!
Name \E: #REF!
Name \EE: #REF!
Name \EE: #REF!
Name \EE: #REF!

Sheet PRESUPUESTO OFICIAL (Entidad)
B1: Formulario 1 - Propuesta económica - Documento tipo de selección abreviada de menor cuantía - versión 1
B2: Versión: 1 del 21 de agosto de 2025
C5: FORMULARIO 1
C6: PRESUPUESTO OFICIAL
C7: [La entidad puede utilizar este formulario de detalle del presupuesto oficial para determinar las condiciones bajo las cuales los proponentes analizarán y presentarán su propuesta económica de forma detallada, sin perjuicio que la entidad pueda modificarlo o establecer la presentación de la oferta económica con un formulario distinto al indicado.]
C9: Adicionalmente, cuando el proceso de contratación es estructurado por precios unitarios, la Entidad debe aplicar las notas 1, 2 y 3 del presente formulario y las casillas de "Descripción", "Porcentaje" de la Administración, Imprevisto, Utilidad y total A.I.U. resaltadas en colo amarillo. Tratándose de otras modalidades de precio, la Entidad puede o no configurar los mismos aspectos.
C10: CONSTRUCCION DE CUBIERTA EN PLACA POLIDEPORTIVA DE LA I.E. Y OTRAS OBRAS EN LA VIA DE LA VEREDA EL CANO
C11: Nº | D11: ITEM DE PAGO | E11: ESPECIFICACIONES | G11: DESCRIPCION | H11: UND. | I11: CANTIDAD | J11: VALOR UNITARIO | K11: VALOR TOTAL
E12: GENERAL | F12: PARTICULAR
C13: EXCAVACIONES Y LLENOS Y PRELIMINARES
C14: 1 | D14: 1.1 | G14: Demolición manual de concreto de cualquier tipo: reforzado, simple, ciclópeo donde se requiera como en columnas, vigas, fundaciones.(Incluye botada de escombros, acarreo interno y almacenamiento temporal en obra) | H14: m³ | I14: 1 | J14: =+'CAP 1'!E31 -> 156262.8 | K14: =+J14*I14 -> 156262.8
C15: 2 | D15: 1.2 | G15: EXCAVACIÓN MANUAL Y BOTADA DE MATERIAL heterogéneo DE 0-2 m., bajo cualquier grado de humedad. Incluye: roca descompuesta, bolas de roca de volúmen inferior a 0.35 m³., el cargue, transporte interno y externo, botada de material proveniente de las excavaciones en los botaderos oficiales y su medida será en el sitio. No incluye entibado. | H15: m³ | I15: 6 | J15: =+'CAP 1'!E63 -> 96131.4 | K15: =+J15*I15 -> 576788.4
C16: 3 | D16: 1.3 | G16: LLENO COMPACTADO CON MATERIAL SELECCIONADO | H16: m³ | I16: 20 | J16: =+'CAP 1'!E96 -> 182404.4 | K16: =+J16*I16 -> 3648088
C17: Subtotal | K17: =SUM(K14:K16) -> 4381139.2
C18: ESTRUCTURA
C19: 4 | D19: 2.1 | G19: suministro transporte y construcción de solado en concreto simple de 17 Mpa y espesor 5 cm, de acuerdo a los niveles y especificaciones dados en los planos o indicaciones del supervisior. | H19: m³ | I19: 0.25 | J19: =+'CAP 2'!E30 -> 647924.39 | K19: =+J19*I19 -> 161981.1
C20: 5 | D20: 2.2 | G20: Suministro,transporte y construccion de concreto de 3000 psi para zapata,esp=30cm, incluye materiales, mano de obra y equipo necesario | H20: m³ | I20: 1.5000001 | J20: =+'CAP 2'!E64 -> 933382.04 | K20: =+J20*I20 -> 1400073.2
C21: 6 | D21: 2.3 | G21: Suministro transporte y construcción pedestales en concreto de 3000 psi, de seccion 35X35X1M m de altura, incluye materiales, mano de obra transporte y equipo necesario. | H21: m³ | I21: 1 | J21: =+'CAP 2'!E101 -> 1218716.1 | K21: =+J21*I21 -> 1218716.1
C22: 7 | D22: 2.4 | G22: Construccion de placa de piso en concreto de 3000 psi, de espesor 10cm reforzada con malla electrosoldada d-50, entresuelo en piedra acomodada de 20 cm | H22: m² | I22: 8 | J22: =+'CAP 2'!E138 -> 256389.44 | K22: =+J22*I22 -> 2051115.5
C23: Subtotal | K23: =SUM(K19:K22) -> 4831885.9
C24: ACERO
C25: 8 | D25: 3.1 | G25: Construcción y montaje de ESTRUCTURA METÁLICA, en PERFILERIA TIPO IPE, HEA, PHR-C, PTE para elementos de cubierta, columnas metalicas, según diseño. Incluye: suministro y transporte de láminas, platinas, uniones, soldaduras de acabado o presentación, anclajes y pernos a estructura de concreto y madera. Todos los elementos deben llevar wash primer, pintura anticorrosiva, (2) dos manos de esmalte base aceite mate, color por definir, ensayos a soldaduras, anticorrosivos y pinturas, obra falsa y todo el equipo y la herramienta necesaria para el montaje. | H25: kg | I25: 3076 | J25: =+'CAP 3'!E37 -> 23350.68 | K25: =+J25*I25 -> 71826692
C26: 9 | D26: 3.2 | G26: ACERO GRADO 60 . Incluye Suministro transporte , corte, figurado y amarre de acero en barras de 6 mt, incluye andamios y demas elementos necesarios para su correcta instalacion. | H26: kg | I26: 270 | J26: =+'CAP 3'!E69 -> 8129.145 | K26: =+J26*I26 -> 2194869.1
C27: 10 | D27: 3.3 | G27: Suministro, transporte y colocacion de platinas de acero de 300x300x10mm+4 pernos de 4/4" x10" y dos tuercas y un arandela | H27: Und | I27: 8 | J27: =+'CAP 3'!E104 -> 35669.046 | K27: =+J27*I27 -> 285352.37
C28: Subtotal | K28: =SUM(K25:K27) -> 74306913
C29: CUBIERTA
C30: 11 | D30: 4.1 | G30: Suministro, transporte y colocación de cubierta en teja sin traslapo MANO PLAS o similar color blanco. Incluye Clips de fijación, tornillos y todo lo necesario para su correcta instalación y funcionamiento. Según diseño de cubierta. | H30: m² | I30: 195 | J30: =+'CAP 4'!E33 -> 102739.18 | K30: =+J30*I30 -> 20034139
C31: Subtotal | K31: =+K30 -> 20034139
C32: INSTALACIONES HIDROSANITARIAS
C33: 12 | D33: 5.1 | G33: Suministro, transporte y colocación de canoa en lamina galvanizada calibre 20, .empalmes con soldadura autógena. , soportes, tornillos autoperforantes, wash primer, anticorrosivo epóxico por ambas caras, acabado con esmalte en la cara inferior a la vista y todos los elementos necesarios para su correcta instalación y funcionamiento. Según diseño de cubierta. Incluye embudos en laminas | H33: m | I33: 34 | J33: =+'CAP 5'!E39 -> 171667.08 | K33: =+J33*I33 -> 5836680.6
C34: 14 | D34: 5.2 | G34: Suministro, transporte e instalación de TUBERÍA PVC-VENTILACION, con un DIÁMETRO DE 4", para bajantes de aguas lluvias o reventilación. Incluye suministro y transporte de los materiales, bocas, accesorios, pegante, limpiador, wash primer, acabado en esmalte mate, color a definir por parte de interventoria, andamios, abrazaderas y todos los elementos necesarios para su correcta instalación y funcionamiento. | H34: m | I34: 48 | J34: =+'CAP 5'!E75 -> 31880.812 | K34: =+J34*I34 -> 1530279
C35: 15 | D35: 5.3 | G35: Suministro, transporte y colocacion de cunetas tipo v, de espesor 10cm , desarrollo 60cm, incluye recebo en cascajo sucio de 10cm y refuerzo en malla electrosoldada d-50 | H35: m | I35: 125 | J35: 170252 | K35: =+J35*I35 -> 21281500
C36: Subtotal | K36: =SUM(K33:K35) -> 28648460
C37: EXTERIORES
C38: 16 | D38: 6.1 | G38: Suministro, transporte y colocacion de baranda tipo pingüino para puente de altura 90 cm.( barra superior en tubo galvanizado de 4", barra inferior de 3"" paral en perfil estructural segun diseño., incluye anclaje, pernos, pintura y todos los elementos necesarios para su normal entrega. | H38: m | I38: 12 | J38: =+'CAP 6'!E34 -> 698928.02 | K38: =+J38*I38 -> 8387136.2
C39: Subtotal | K39: =+K38 -> 8387136.2
C40: SUBTOTAL OBRAS | K40: =SUM(K14:K38)/2 -> 1.3639611e+08
G42: TOTAL COSTO DIRECTO | K42: =+K40 -> 1.3639611e+08
G43: ADMINISTRACION | K43: =+A.U!I22 -> 28759671
G44: UTILIDAD | K44: =+A.U!I23 -> 6819805
G45: SUBTOTAL OBRAS (INCLUYE IVA) | K45: =SUM(K42:K44) -> 1.7197558e+08
K46: =194322690.945857*0.115 -> 22347109
G47: VALOR TOTAL | K47: =K45+K46 -> 1.9432269e+08
C50: NOTA 1: Se debe tener en cuenta que el PRECIO UNITARIO incluye el valor de A.I.U. | H50: DESCRIPCION | K50: PORCENTAJE
C51: NOTA 2: Cuando la fracción decimal del peso sea igual o superior a 5 se aproximara por exceso al número entero siguiente del peso y cuando la fracción decimal del peso sea inferior a 5 se aproximará por defecto al número entero del peso. | H51: ADMINISTRACION | J51: A= | K51: =+(K43+K46)/K40 -> 0.37469384
C52: NOTA 3: El A.I.U y su discriminación deben estar en porcentaje (%). | H52: IMPREVISTO | J52: I= | K52: 0
H53: UTILIDAD | J53: U= | K53: 0.05
H54: TOTAL A.I.U | J54: A.I.U.= | K54: =SUM(K51:K53) -> 0.42469384

Sheet PROPUESTA ECONOMICA(Proponente)
B1: Formulario 1 - Propuesta económica - Documento tipo de selección abreviada de menor cuantía - versión 1
B2: Versión: 1 del 21 de agosto de 2025
C5: FORMULARIO 1
C6: PROPUESTA ECONOMICA
C7: [La entidad puede utilizar este formulario de presentación de propuesta económica de forma detallada, sin perjuicio que la entidad pueda modificarlo o establecer la presentación de la oferta económica con un formulario distinto al indicado.] [Los proponentes emplearán el formulario establecido por la entidad para determinar su propuesta económica conforme al Formulario 1 - Presupuesto Oficial publicado por la Entidad] [En caso de modificar el formulario, es importante tener en cuenta que no se deben incluir causales de rechazo, reglas o parámetros contrarios a los definidos en el documento base. Los términos del proceso solo se encuentran en el Documento Base, por lo que la Entidad no deberá incluir ningún tipo de notas que se configuren en reglas contrarias a las definidas en dicho documento, las notas únicamente pueden ser aclaratorias para efectos del diligenciamiento del formato]
C9: Cuando el proceso de contratación es estructurado por precios unitarios, la Entidad debe aplicar las notas 1, 2 y 3 del presente formato y las casillas de "Descripción", "Porcentaje" de la Administración, Imprevisto, Utilidad y total A.I.U. resaltadas en color amarillo.
C11: Nº | D11: ITEM DE PAGO | E11: ESPECIFICACIONES | G11: DESCRIPCION | H11: UND. | I11: CANTIDAD | J11: VALOR UNITARIO | K11: VALOR TOTAL
E12: GENERAL | F12: PARTICULAR
C15: Subtotal
C21: Subtotal
C31: Subtotal
C36: Subtotal
C39: Subtotal
C40: SUBTOTAL OBRAS
G45: SUBTOTAL OBRAS (INCLUYE IVA)
G49: VALOR TOTAL
C52: NOTA 1: Se debe tener en cuenta que el PRECIO UNITARIO incluye el valor de A.I.U. | H52: DESCRIPCION | K52: PORCENTAJE
C53: NOTA 2: Cuando la fracción decimal del peso sea igual o superior a 5 se aproximara por exceso al número entero siguiente del peso y cuando la fracción decimal del peso sea inferior a 5 se aproximará por defecto al número entero del peso. | H53: ADMINISTRACION | J53: A= | K53: [Ofrecimiento del Proponente]
C54: NOTA 3: El A.I.U y su discriminación deben estar en porcentaje (%). | H54: IMPREVISTO | J54: I= | K54: [Ofrecimiento del Proponente]
H55: UTILIDAD | J55: U= | K55: [Ofrecimiento del Proponente]
H56: TOTAL A.I.U | J56: A.I.U.= | K56: [Ofrecimiento del Proponente]
G59: Firma del Proponente o de su Representante Legal

Sheet A.U
A1: CALCULO DE LA ADMINISTACION Y LA UTILIDAD
A2: PROYECTO
A3: CONSTRUCCION DE CENTRO DE INTEGRACION CIUDADANA EN LA VEREDA JUAN COJO DEL MUNICIPIO DE GIRARDOTA EN EL MARCO DEL P.P. DE LAS VIGENCIAS 2025-2026 Y2027
A4: LOCALIZACIÓN
A5: GIRARDOTA
A6: Item | B6: Descripción | C6: Unidad | D6: Cantidad | E6: Valor/Mes Base | F6: Factor prestacional | G6: Dedicación | H6: Meses | I6: V/Parcial
A7: 1 | B7: Personal Profesional y Técnico
A8: 1.1 | B8: Director de obra | C8: un | D8: 1 | E8: 4500000 | F8: 1.58 | G8: 0.25 | H8: 2 | I8: =ROUND(D8*E8*F8*G8*H8,0) -> 3555000
A9: 1.2 | B9: Ingeniero residente | C9: un | D9: 1 | E9: 3500000 | F9: 1.58 | G9: 1 | H9: 2 | I9: =ROUND(D9*E9*F9*G9*H9,0) -> 11060000
A10: 2 | B10: Gastos de desplazamiento Personal Profesional y Técnico
A11: 2.1 | B11: Gastos de desplazamiento | C11: mes | D11: 1 | E11: 1000000 | G11: 1 | H11: 2 | I11: =ROUND(E11*G11*H11*D11,0) -> 2000000
A12: 3 | B12: Personal Ambiental
A13: 3.1 | B13: Tecnologo Socio-Ambiental (manejo de seguridad industrial e impacto comunitario) | C13: un | D13: 1 | E13: 1800000 | F13: 1.58 | G13: 0.5 | H13: 2 | I13: =ROUND(D13*E13*F13*G13*H13,0) -> 2844000
A14: 4 | B14: Papelería y Equipos de Oficina
A15: 4.1 | B15: Gastos fijos de oficina, Papelería, tinta, fotocopias, planos, ploteos, fotografías, grabaciones y otros | C15: mes | D15: 1 | E15: 200272.57 | H15: 2 | I15: =ROUND(D15*E15*H15,0) -> 400545
A16: 4.2 | B16: Elaboración de planos necesarios para el recibo de la obra, en planchas de 1 m * 0,7 m (Planos record) | C16: un | D16: 10 | E16: 130000 | I16: =+D16*E16 -> 1300000
A17: 5 | B17: Laboratorio
A18: 5.1 | B18: Diseño de mezcla de concreto proporciones para una resistencia determinada, incluyendo ensayos sobre agregados de peso específico y absorción, gradaciones, humedades y masas unitarias. Además, tres mezclas de prueba con vaciado de cilindros a 3 y a 28 días según resistencia especificada (máximo dos agregados), Proporcionamiento para resistencia adicional, se realiza un estimado de transporte al municipio. | C18: un | D18: 1 | E18: 1500000 | I18: =D18*E18 -> 1500000
A19: 5.2 | B19: Fallo de cilindros (Fallar 2 cilindros a 7 dias, 2 cilindros a 28 dias y dejar 2 testigos), cada muestra corresponde a 6 cilindros y se toman cada 40 M3 devaciado de concreto o or actividades especificas indicadas por la interventoria | C19: un | D19: 30 | E19: 150000 | I19: =D19*E19 -> 4500000
A20: 6 | B20: Pólizas
A21: 6.1 | B21: Pólizas(Actualizaciones) | C21: Global | D21: 1 | E21: 0.011731466 | I21: =+I25*E21 -> 1600126.2
A22: ADMINISTRACION | G22: A | H22: =ROUND(SUM(I8:I21)/I25,4) -> 0.2109 | I22: =SUM(I8:I21) -> 28759671
A23: UTILIDAD | G23: U | H23: 0.05 | I23: =ROUND($I$25*H23,0) -> 6819805
A24: TOTAL AU (Suma de A + U) | H24: =ROUND(SUM(H22:H23),4) -> 0.2609 | I24: =+I22+I23 -> 35579476
A25: COSTO DIRECTO | I25: =+'PRESUPUESTO OFICIAL (Entidad)'!K42 -> 1.3639611e+08
A26: COSTO TOTAL (Costo Directo + Total AU) | I26: =+I25+I24 -> 1.7197558e+08
A32: NOTAS:
A33: Para el diligenciamiento de este formulario, se deben tener en cuenta los requisitos del numeral 4.2.3.2 Anexo 5.1 "Formulario de Análisis Detallado de Administración y Utilidad (AU) y Valor Total de la Oferta", de las Condiciones de Contratación
A34: Cualquier modificación y/o alteración de este formulario, es responsabilidad única y exclusivamente del proponente, y ocasionará el rechazo de la propuesta.
A35: Las correcciones efectuadas según el procedimiento anterior, serán de forzosa aceptación para los proponentes.

Sheet SALARIOS
A2: VALOR REAL SALARIO 2026
F4: AYUDANTE | H4: OFICIAL | J4: TOPOGRAFO
A5: SALARIO | D5: 1 MINIMO | F5: 1.0 MINIMOS | H5: 1,5. MINIMOS | J5: 2 MINIMOS
D6: VALOR | E6: REFERENCIA | F6: VALOR | G6: REFERENCIA | H6: VALOR | I6: REFERENCIA | J6: VALOR | K6: REFERENCIA
A8: Mensual | D8: 1750905 | E8: A | F8: =D8 -> 1750905 | G8: A | H8: =+D8*1.5 -> 2626357.5 | I8: A | J8: =+D8*2 -> 3501810 | K8: A
A9: Subsidio de transporte | D9: 249095 | E9: B | F9: =+D9 -> 249095 | G9: B | H9: =+D9 -> 249095 | I9: B | J9: =+F9 -> 249095 | K9: B
A10: Total Mensual | D10: =SUM(D8:D9) -> 2000000 | E10: C | F10: =SUM(F8:F9) -> 2000000 | G10: C | H10: =SUM(H8:H9) -> 2875452.5 | I10: C | J10: =SUM(J8:J9) -> 3750905 | K10: C
A11: Anual (A/30x365) | D11: =ROUND(+D8/30*360,0) -> 21010860 | E11: D | F11: =ROUND(+F8/30*360,0) -> 21010860 | G11: D | H11: =ROUND(+H8/30*360,0) -> 31516290 | I11: D | J11: =ROUND(+J8/30*360,0) -> 42021720 | K11: D
A12: Anual con subsidio de transporte | D12: =+D11+D9*12 -> 24000000 | E12: E | F12: =+F11+F9*12 -> 24000000 | G12: E | H12: =+H11+H9*12 -> 34505430 | I12: E | J12: =+J11+J9*12 -> 45010860 | K12: E
A13: Subsidio de transporte Anual (incluido en E) | D13: =+(D9/30*(365-18-3-15)) -> 2731741.8 | F13: =+D13 -> 2731741.8 | H13: =+F13 -> 2731741.8 | J13: =+H13 -> 2731741.8
A16: CONCEPTO | B16: BASE | C16: FACTOR | D16: Valor Anual | E16: % | F16: Valor Anual | G16: % | H16: Valor Anual | I16: % | J16: Valor Anual | K16: %
A17: SALARIO
A18: Salario anual (365 dias) | D18: =+D11 -> 21010860 | E18: 1 | F18: =+F11 -> 21010860 | G18: 1 | H18: =+H11 -> 31516290 | I18: 1 | J18: =+J11 -> 42021720 | K18: 1
A19: Subsidio Transporte | D19: =+$D$9*12 -> 2989140 | E19: =+D19/D18 -> 0.14226643 | F19: =+$D$9*12 -> 2989140 | G19: =+F19/$F$18 -> 0.14226643 | H19: =+$D$9*12 -> 2989140 | I19: =+H19/$H$18 -> 0.094844285 | J19: =+$D$9*12 -> 2989140 | K19: =+J19/$H$18 -> 0.094844285
A20: PRESTACIONES
A21: Cesantia anual | B21: E | C21: 0.098630137 | D21: =ROUND(+D12*36/365,0) -> 2367123 | E21: =D21/$D$18 -> 0.11266188 | F21: =ROUND(+F12*36/365,0) -> 2367123 | G21: =+F21/$F$18 -> 0.11266188 | H21: =ROUND(+H12*36/365,0) -> 3403275 | I21: =+H21/$H$18 -> 0.10798463 | J21: =ROUND(+J12*36/365,0) -> 4439427 | K21: =+J21/$J$18 -> 0.10564601
A22: Interes cesantia | B22: Cesantia | C22: 0.12 | D22: =ROUND(+D21*$C$22,0) -> 284055 | E22: =D22/$D$18 -> 0.013519437 | F22: =ROUND(+F21*$C$22,0) -> 284055 | G22: =+F22/$F$18 -> 0.013519437 | H22: =ROUND(+H21*$C$22,0) -> 408393 | I22: =+H22/$H$18 -> 0.012958156 | J22: =ROUND(+J21*$C$22,0) -> 532731 | K22: =+J22/$J$18 -> 0.012677515
A23: Vacaciones - 15 dias | B23: A | C23: 0.5 | D23: =ROUND(+D8*C23,0) -> 875453 | E23: =D23/$D$18 -> 0.04166669 | F23: =+F8*$C$23 -> 875452.5 | G23: =+F23/$F$18 -> 0.041666667 | H23: =+H8*$C$23 -> 1313178.8 | I23: =+H23/$H$18 -> 0.041666667 | J23: =+J8*$C$23 -> 1750905 | K23: =+J23/$J$18 -> 0.041666667
A24: Prima 30 dias | B24: C | C24: 1 | D24: =ROUND(+D10*$C$24,0) -> 2000000 | E24: =D24/$D$18 -> 0.095188869 | F24: =+F10*$C$24 -> 2000000 | G24: =+F24/$F$18 -> 0.095188869 | H24: =+H10*$C$24 -> 2875452.5 | I24: =+H24/$H$18 -> 0.091237024 | J24: =+J10*$C$24 -> 3750905 | K24: =+J24/$J$18 -> 0.089261101
A25: OTROS COSTOS
A26: Botas y overol | B26: =N32 -> 137900 | C26: 3 | D26: =+ROUND($C$26*$B$26,0) -> 413700 | E26: =D26/$D$18 -> 0.019689818 | F26: =+ROUND($C$26*$B$26,0) -> 413700 | G26: =+F26/$F$18 -> 0.019689818 | H26: =+ROUND($C$26*$B$26,0) -> 413700 | I26: =+H26/$H$18 -> 0.013126545 | J26: =+ROUND($C$26*$B$26,0) -> 413700 | K26: =+J26/$J$18 -> 0.0098449088
A27: Seguro colectivo | B27: D | C27: 0.005 | D27: =+ROUND($D$11*C27,0) -> 105054 | E27: =D27/$D$18 -> 0.0049999857 | F27: =+ROUND($F$11*$C$27,0) -> 105054 | G27: =+F27/$F$18 -> 0.0049999857 | H27: =+ROUND($H$11*$C$27,0) -> 157581 | I27: =+H27/$H$18 -> 0.0049999857 | J27: =+ROUND($H$11*$C$27,0) -> 157581 | K27: =+J27/$J$18 -> 0.0037499893
A28: EPP | B28: =N42 -> 490600 | C28: 1 | D28: =+ROUND($C$28*$B$28,0) -> 490600 | E28: =D28/$D$18 -> 0.02334983 | F28: =+ROUND($C$28*$B$28,0) -> 490600 | G28: =+F28/$F$18 -> 0.02334983 | H28: =+ROUND($C$28*$B$28,0) -> 490600 | I28: =+H28/$H$18 -> 0.015566553 | J28: =+ROUND($C$28*$B$28,0) -> 490600 | K28: =+J28/$J$18 -> 0.011674915
A29: SEGURIDAD SOCIAL | M29: Dotación
A30: Pensiones | B30: D | C30: 0.16 | D30: =+ROUND($D$11*C30,0) -> 3361738 | E30: =D30/$D$18 -> 0.16000002 | F30: =ROUND(+$F$11*C30,0) -> 3361738 | G30: =+F30/$F$18 -> 0.16000002 | H30: =ROUND(+$H$11*C30,0) -> 5042606 | I30: =+H30/$H$18 -> 0.15999999 | J30: =ROUND(+$H$11*E30,0) -> 5042607 | K30: =+J30/$J$18 -> 0.12000001 | M30: Overol 2 piezas | N30: 65900
A31: Salud | B31: D | C31: 0.125 | D31: =+D18*C31 -> 2626357.5 | E31: 0.125 | F31: =+F18*$C$31 -> 2626357.5 | G31: 0.125 | H31: =+H18*$C$31 -> 3939536.2 | I31: 0.125 | J31: =+J18*$C$31 -> 5252715 | K31: =+J31/$J$18 -> 0.125 | M31: Botas industriales | N31: 72000
A32: Riesgos Profesionales | B32: D | C32: 0.0696 | D32: =+ROUND($D$11*C32,0) -> 1462356 | E32: =D32/$D$18 -> 0.069600007 | F32: =ROUND(+$F$11*C32,0) -> 1462356 | G32: =+F32/$F$18 -> 0.069600007 | H32: =ROUND(+$H$11*C32,0) -> 2193534 | I32: =+H32/$H$18 -> 0.069600007 | J32: =ROUND(+$J$11*E32,0) -> 2924712 | K32: =+J32/$J$18 -> 0.069600007 | N32: =SUM(N30:N31) -> 137900
A33: APORTES SENA
A34: Aporte ordinario | B34: D | D34: =+ROUND($D$11*C34,0) -> 0 | E34: =D34/$D$18 -> 0 | F34: =ROUND(+$F$11*C34,0) -> 0 | G34: =+F34/$F$18 -> 0 | H34: =ROUND(+$H$11*C34,0) -> 0 | I34: =+H34/$H$18 -> 0 | J34: =ROUND(+$H$11*E34,0) -> 0 | K34: =+J34/$H$18 -> 0
A35: Fondo Industria Construccion | D35: =+$D$8/40*12 -> 525271.5 | E35: =D35/$D$18 -> 0.025 | F35: =+$D$8/40*12 -> 525271.5 | G35: =+F35/$F$18 -> 0.025 | H35: =+$D$8/40*12 -> 525271.5 | I35: =+H35/$H$18 -> 0.016666667 | J35: =+$D$8/40*12 -> 525271.5 | K35: =+J35/$H$18 -> 0.016666667 | M35: EPP
A36: OTROS APORTES | M36: Casco de seguridad | N36: 29900
A37: I.C.B.F. | B37: D | C37: 0.03 | D37: =+ROUND($D$11*C37,0) -> 630326 | E37: =D37/$D$18 -> 0.03000001 | F37: =ROUND(+$F$11*C37,0) -> 630326 | G37: =+F37/$F$18 -> 0.03000001 | H37: =ROUND(+$H$11*C37,0) -> 945489 | I37: =+H37/$H$18 -> 0.03000001 | J37: =ROUND(+$H$11*E37,0) -> 945489 | K37: =+J37/$H$18 -> 0.03000001 | M37: Guantes de Carnaza | N37: 33900
A38: Subsidio Familiar | B38: D | C38: 0.04 | D38: =+ROUND($D$11*C38,0) -> 840434 | E38: =D38/$D$18 -> 0.039999981 | F38: =ROUND(+$F$11*C38,0) -> 840434 | G38: =+F38/$F$18 -> 0.039999981 | H38: =ROUND(+$H$11*C38,0) -> 1260652 | I38: =+H38/$H$18 -> 0.040000013 | J38: =ROUND(+$H$11*E38,0) -> 1260651 | K38: =+J38/$H$18 -> 0.039999981 | M38: Monogafas | N38: 17900
A39: VALOR REAL SALARIO ANUAL | D39: =SUM(D18:D38) -> 39982468 | E39: =SUM(E18:E38) -> 1.902943 | F39: =SUM(F18:F38) -> 39982468 | G39: =SUM(G18:G38) -> 1.9029429 | H39: =SUM(H18:H38) -> 57474699 | I39: =SUM(I18:I38) -> 1.8236505 | J39: =SUM(J18:J38) -> 72498154 | K39: =SUM(K18:K38) -> 1.7706321 | M39: Botas de caucho | N39: 52900
C40: =SUM(C18:C39) -> 6.1482301 | M40: Respirador (50und) | N40: 290000
A41: VALOR REAL SALARIO MENSUAL | D41: =ROUND(+D39/12,0) -> 3331872 | F41: =ROUND(+F39/12,0) -> 3331872 | H41: =ROUND(+H39/12,0) -> 4789558 | J41: =ROUND(+J39/12,0) -> 6041513 | M41: Tapaoido 32db (24und) | N41: 66000
N42: =SUM(N36:N41) -> 490600
A43: VALOR REAL SALARIO DIARIO | D43: =+ROUND(D41/30,0) -> 111062 | F43: =+ROUND(F41/30,0) -> 111062 | H43: =+ROUND(H41/30,0) -> 159652 | J43: =+ROUND(J41/30,0) -> 201384
A45: VALOR REAL SALARIO HORA (8h/dia) | B45: 8 | D45: =+ROUND(D43/B45,0) -> 13883 | F45: =+ROUND(F43/B45,0) -> 13883 | H45: =+ROUND(H43/B45,0) -> 19957 | J45: =+ROUND(J43/B45,0) -> 25173
D46: AA | F46: BB | H46: CC | J46: DD
A47: CUADRILLAS | B47: OFICIAL | C47: AYUDANTE | D47: VALOR HORA CUADRILLA ALBAÑILERIA | F47: VALOR HORA CUADRILLA INSTALACIONES | H47: VALOR HORA CUADRILLA PINTURA | J47: VALOR HORA CUADRILLA CARPINTERIA | L47: VALOR HORA CUADRILLA TOPOGRAFIA | N47: VALOR HORA CUADRILLA EXCAVACION | P47: VALOR HORA CUADRILLA CONCRETOS
A48: CUADRILLA 0:1 | B48: 0 | C48: 1 | D48: =+ROUND($B48*$H$45+$C48*$F$45,0) -> 13883 | F48: =+ROUND(D48*1.15,0) -> 15965 | H48: =+ROUND(D48*1.15,0) -> 15965 | J48: =+ROUND(D48*1.3,0) -> 18048 | L48: =+J45+D49*2.5 -> 94588 | N48: =+ROUND(($B48*$H$45+$C48*$F$45)*1.2,0) -> 16660 | P48: =+ROUND(($B48*$H$45*1.15+$C48*$F$45)*1.35,0) -> 18742
A49: CUADRILLA 0:2 | B49: 0 | C49: 2 | D49: =+ROUND(B$48*$H$45+C49*$F$45,0) -> 27766 | F49: =+ROUND(D49*1.15,0) -> 31931 | H49: =+ROUND(D49*1.15,0) -> 31931 | J49: =+ROUND(D49*1.3,0) -> 36096 | N49: =+ROUND(($B49*$H$45+$C49*$F$45)*1.2,0) -> 33319 | P49: =+ROUND(($B49*$H$45*1.15+$C49*$F$45)*1.35,0) -> 37484
A50: CUADRILLA 1:0 | B50: 1 | C50: 0 | D50: =+ROUND(B50*$H$45+C50*$F$45,0) -> 19957 | F50: =+ROUND(D50*1.15,0) -> 22951 | H50: =+ROUND(D50*1.15,0) -> 22951 | J50: =+ROUND(D50*1.3,0) -> 25944 | N50: =+ROUND(($B50*$H$45+$C50*$F$45)*1.2,0) -> 23948 | P50: =+ROUND(($B50*$H$45*1.15+$C50*$F$45)*1.35,0) -> 30983
A51: CUADRILLA 1:1 | B51: 1 | C51: 1 | D51: =+ROUND(B51*$H$45+C51*$F$45,0) -> 33840 | F51: =+ROUND(D51*1.15,0) -> 38916 | H51: =+ROUND(D51*1.15,0) -> 38916 | J51: =+ROUND(D51*1.3,0) -> 43992 | N51: =+ROUND(($B51*$H$45+$C51*$F$45)*1.2,0) -> 40608 | P51: =+ROUND(($B51*$H$45*1.15+$C51*$F$45)*1.35,0) -> 49725
A52: CUADRILLA 1:2 | B52: 1 | C52: 2 | D52: =+ROUND(B52*$H$45+C52*$F$45,0) -> 47723 | F52: =+ROUND(D52*1.15,0) -> 54881 | H52: =+ROUND(D52*1.15,0) -> 54881 | J52: =+ROUND(D52*1.3,0) -> 62040 | N52: =+ROUND(($B52*$H$45+$C52*$F$45)*1.2,0) -> 57268 | P52: =+ROUND(($B52*$H$45*1.15+$C52*$F$45)*1.35,0) -> 68467
A53: CUADRILLA 1:3 | B53: 1 | C53: 3 | D53: =+ROUND(B53*$H$45+C53*$F$45,0) -> 61606 | F53: =+ROUND(D53*1.15,0) -> 70847 | H53: =+ROUND(D53*1.15,0) -> 70847 | J53: =+ROUND(D53*1.3,0) -> 80088 | N53: =+ROUND(($B53*$H$45+$C53*$F$45)*1.2,0) -> 73927 | P53: =+ROUND(($B53*$H$45*1.15+$C53*$F$45)*1.35,0) -> 87209
A54: CUADRILLA 1:4 | B54: 1 | C54: 4 | D54: =+ROUND(B54*$H$45+C54*$F$45,0) -> 75489 | F54: =+ROUND(D54*1.15,0) -> 86812 | H54: =+ROUND(D54*1.15,0) -> 86812 | J54: =+ROUND(D54*1.3,0) -> 98136 | N54: =+ROUND(($B54*$H$45+$C54*$F$45)*1.2,0) -> 90587 | P54: =+ROUND(($B54*$H$45*1.15+$C54*$F$45)*1.35,0) -> 105951
A55: CUADRILLA 1:5 | B55: 1 | C55: 5 | D55: =+ROUND(B55*$H$45+C55*$F$45,0) -> 89372 | F55: =+ROUND(D55*1.15,0) -> 102778 | H55: =+ROUND(D55*1.15,0) -> 102778 | J55: =+ROUND(D55*1.3,0) -> 116184 | N55: =+ROUND(($B55*$H$45+$C55*$F$45)*1.2,0) -> 107246 | P55: =+ROUND(($B55*$H$45*1.15+$C55*$F$45)*1.35,0) -> 124693 | V55: Fuenta de las imágenes Contrudata
A57: TIPO DE CUADRILLA | B57: UND | C57: VALOR
A58: CUADRILLA AA ALBAÑILERÍA 0:1 | B58: H/C | C58: =D48 -> 13883
A59: CUADRILLA AA ALBAÑILERÍA 0:2 | B59: H/C | C59: =D49 -> 27766
A60: CUADRILLA AA ALBAÑILERÍA 1:0 | B60: H/C | C60: =D50 -> 19957
A61: CUADRILLA AA ALBAÑILERÍA 1:1 | B61: H/C | C61: =D51 -> 33840
A62: CUADRILLA AA ALBAÑILERÍA 1:2 | B62: H/C | C62: =D52 -> 47723
A63: CUADRILLA AA ALBAÑILERÍA 1:3 | B63: H/C | C63: =D53 -> 61606
A64: CUADRILLA AA ALBAÑILERÍA 1:4 | B64: H/C | C64: =D54 -> 75489
A65: CUADRILLA AA ALBAÑILERÍA 1:5 | B65: H/C | C65: =D55 -> 89372
A66: CUADRILLA BB INSTALACIONES 0:1 | B66: H/C | C66: =F48 -> 15965
A67: CUADRILLA BB INSTALACIONES 0:2 | B67: H/C | C67: =F49 -> 31931
A68: CUADRILLA BB INSTALACIONES 1:0 | B68: H/C | C68: =F50 -> 22951
A69: CUADRILLA BB INSTALACIONES 1:1 | B69: H/C | C69: =F51 -> 38916
A70: CUADRILLA BB INSTALACIONES 1:2 | B70: H/C | C70: =F52 -> 54881
A71: CUADRILLA BB INSTALACIONES 1:3 | B71: H/C | C71: =F53 -> 70847
A72: CUADRILLA BB INSTALACIONES 1:4 | B72: H/C | C72: =F54 -> 86812
A73: CUADRILLA BB INSTALACIONES 1:5 | B73: H/C | C73: =F55 -> 102778
A74: CUADRILLA CC PINTURA 0:1 | B74: H/C | C74: =H48 -> 15965
A75: CUADRILLA CC PINTURA 0:2 | B75: H/C | C75: =H49 -> 31931
A76: CUADRILLA CC PINTURA 1:0 | B76: H/C | C76: =H50 -> 22951
A77: CUADRILLA CC PINTURA 1:1 | B77: H/C | C77: =H51 -> 38916
A78: CUADRILLA CC PINTURA 1:2 | B78: H/C | C78: =H52 -> 54881
A79: CUADRILLA CC PINTURA 1:3 | B79: H/C | C79: =H53 -> 70847
A80: CUADRILLA CC PINTURA 1:4 | B80: H/C | C80: =H54 -> 86812
A81: CUADRILLA CC PINTURA 1:5 | B81: H/C | C81: =H55 -> 102778
A82: CUADRILLA DD CARPINTERÍA 0:1 | B82: H/C | C82: =J48 -> 18048
A83: CUADRILLA DD CARPINTERÍA 0:2 | B83: H/C | C83: =J49 -> 36096
A84: CUADRILLA DD CARPINTERÍA 1:0 | B84: H/C | C84: =J50 -> 25944
A85: CUADRILLA DD CARPINTERÍA 1:1 | B85: H/C | C85: =J51 -> 43992
A86: CUADRILLA DD CARPINTERÍA 1:2 | B86: H/C | C86: =J52 -> 62040
A87: CUADRILLA DD CARPINTERÍA 1:3 | B87: H/C | C87: =J53 -> 80088
A88: CUADRILLA DD CARPINTERÍA 1:4 | B88: H/C | C88: =J54 -> 98136
A89: CUADRILLA DD CARPINTERÍA 1:5 | B89: H/C | C89: =J55 -> 116184
A90: CUADRILLA TOPOGRAFIA 1:2 | B90: H/C | C90: =+L48 -> 94588
A91: CUADRILLA DD EXCAVACION 0:1 | B91: H/C | C91: =+N48 -> 16660
A92: CUADRILLA DD EXCAVACION 0:2 | B92: H/C | C92: =+N49 -> 33319
A93: CUADRILLA DD EXCAVACION 1:0 | B93: H/C | C93: =+N50 -> 23948
A94: CUADRILLA DD EXCAVACION 1:1 | B94: H/C | C94: =+N51 -> 40608
A95: CUADRILLA DD EXCAVACION 1:2 | B95: H/C | C95: =+N52 -> 57268
A96: CUADRILLA DD EXCAVACION 1:3 | B96: H/C | C96: =+N53 -> 73927
A97: CUADRILLA DD EXCAVACION 1:4 | B97: H/C | C97: =+N54 -> 90587
A98: CUADRILLA DD EXCAVACION 1:5 | B98: H/C | C98: =+N55 -> 107246
A99: CUADRILLA DD CONCRETOS 0:1 | B99: H/C | C99: =+P48 -> 18742
A100: CUADRILLA DD CONCRETOS 0:2 | B100: H/C | C100: =+P49 -> 37484
A101: CUADRILLA DD CONCRETOS 1:0 | B101: H/C | C101: =+P50 -> 30983
A102: CUADRILLA DD CONCRETOS 1:1 | B102: H/C | C102: =+P51 -> 49725
A103: CUADRILLA DD CONCRETOS 1:2 | B103: H/C | C103: =+P52 -> 68467
A104: CUADRILLA DD CONCRETOS 1:3 | B104: H/C | C104: =+P53 -> 87209
A105: CUADRILLA DD CONCRETOS 1:4 | B105: H/C | C105: =+P54 -> 105951
A106: CUADRILLA DD CONCRETOS 1:5 | B106: H/C | C106: =+P55 -> 124693

Sheet CAP 1
A1: ANÁLISIS DE PRECIOS UNITARIOS
A3: ÍTEM: | B3: =+'PRESUPUESTO OFICIAL (Entidad)'!D14 -> 1.1 | C3: =+VLOOKUP(B3,'PRESUPUESTO OFICIAL (Entidad)'!$D$14:$I$89,4,FALSE) -> Demolición manual de concreto de cualquier tipo: reforzado, simple, ciclópeo donde se requiera como en columnas, vigas, fundaciones.(Incluye botada de escombros, acarreo interno y almacenamiento temporal en obra) | D3: #REF! | E3: #REF!
A4: UNIDAD: | B4: =+VLOOKUP(B3,'PRESUPUESTO OFICIAL (Entidad)'!$D$14:$I$89,5,FALSE) -> m³ | C4: #REF! | D4: #REF! | E4: #REF!
A6: I. EQUIPO
A7: Descripción | B7: Unidad | C7: Tarifa | D7: Rendimiento | E7: Vlr Unitario
A8: Herramienta Menor (% M.O) | B8: % | C8: 0.05 | D8: 1 | E8: =+C8*D8*E29 -> 5726.8
D10: Sub-total | E10: =SUM(E8:E9) -> 5726.8
A12: II. MATERIALES
A13: Descripción | B13: Unidad | C13: Tarifa | D13: Rendimiento | E13: Vlr Unitario
D17: Sub-total | E17: =SUM(E14:E16) -> 0
A19: II.TRANSPORTE
A20: Descripción | B20: Unidad | C20: Tarifa | D20: Rendimiento | E20: Vlr Unitario
A21: =+'CARGUE, TRANSPORTE Y BOTADERO'!$A$4 -> Transporte de material ( Zona Rural ) | B21: =+VLOOKUP(A21,'CARGUE, TRANSPORTE Y BOTADERO'!$A$3:$C$13,2,FALSE) -> m3-Ton*km | C21: =+VLOOKUP(A21,'CARGUE, TRANSPORTE Y BOTADERO'!$A$3:$C$13,3,FALSE) -> 3600 | D21: 10 | E21: =+D21*C21 -> 36000
E22: =+D22*C22 -> 0
D23: Sub-total | E23: =SUM(E21:E22) -> 36000
A25: III. MANO DE OBRA
A26: Descripción | B26: Unidad | C26: Tarifa | D26: Rendimiento | E26: Vlr Unitario
A27: =+SALARIOS!$A$95 -> CUADRILLA DD EXCAVACION 1:2 | B27: =+VLOOKUP(A27,SALARIOS!$A$58:$C$106,2,FALSE) -> H/C | C27: =+VLOOKUP(A27,SALARIOS!$A$58:$C$106,3,FALSE) -> 57268 | D27: 2 | E27: =+D27*C27 -> 114536
E28: =+D28*C28 -> 0
D29: Sub-total | E29: =SUM(E27:E28) -> 114536
A31: TOTAL COSTO DIRECTO | E31: =+E29+E23+E17+E10 -> 156262.8
A33: ANÁLISIS DE PRECIOS UNITARIOS
A35: ÍTEM: | B35: =+'PRESUPUESTO OFICIAL (Entidad)'!D15 -> 1.2 | C35: =+VLOOKUP(B35,'PRESUPUESTO OFICIAL (Entidad)'!$D$14:$I$89,4,FALSE) -> EXCAVACIÓN MANUAL Y BOTADA DE MATERIAL heterogéneo DE 0-2 m., bajo cualquier grado de humedad. Incluye: roca descompuesta, bolas de roca de volúmen inferior a 0.35 m³., el cargue, transporte interno y externo, botada de material proveniente de las excavaciones en los botaderos oficiales y su medida será en el sitio. No incluye entibado. | D35: #REF! | E35: #REF!
A36: UNIDAD: | B36: =+VLOOKUP(B35,'PRESUPUESTO OFICIAL (Entidad)'!$D$14:$I$89,5,FALSE) -> m³ | C36: #REF! | D36: #REF! | E36: #REF!
A38: I. EQUIPO
A39: Descripción | B39: Unidad | C39: Tarifa | D39: Rendimiento | E39: Vlr Unitario
A40: Herramienta Menor (% M.O) | B40: % | C40: 0.05 | D40: 1 | E40: =+C40*D40*E61 -> 2863.4
D42: Sub-total | E42: =SUM(E40:E41) -> 2863.4
A44: II. MATERIALES
A45: Descripción | B45: Unidad | C45: Tarifa | D45: Rendimiento | E45: Vlr Unitario
D49: Sub-total | E49: =SUM(E46:E48) -> 0
A51: II.TRANSPORTE
A52: Descripción | B52: Unidad | C52: Tarifa | D52: Rendimiento | E52: Vlr Unitario
A53: =+'CARGUE, TRANSPORTE Y BOTADERO'!$A$4 -> Transporte de material ( Zona Rural ) | B53: =+VLOOKUP(A53,'CARGUE, TRANSPORTE Y BOTADERO'!$A$3:$C$13,2,FALSE) -> m3-Ton*km | C53: =+VLOOKUP(A53,'CARGUE, TRANSPORTE Y BOTADERO'!$A$3:$C$13,3,FALSE) -> 3600 | D53: 10 | E53: =+D53*C53 -> 36000
E54: =+D54*C54 -> 0
D55: Sub-total | E55: =SUM(E53:E54) -> 36000
A57: III. MANO DE OBRA
A58: Descripción | B58: Unidad | C58: Tarifa | D58: Rendimiento | E58: Vlr Unitario
A59: =+SALARIOS!$A$95 -> CUADRILLA DD EXCAVACION 1:2 | B59: =+VLOOKUP(A59,SALARIOS!$A$58:$C$106,2,FALSE) -> H/C | C59: =+VLOOKUP(A59,SALARIOS!$A$58:$C$106,3,FALSE) -> 57268 | D59: 1 | E59: =+D59*C59 -> 57268
E60: =+D60*C60 -> 0
D61: Sub-total | E61: =SUM(E59:E60) -> 57268
A63: TOTAL COSTO DIRECTO | E63: =+E61+E55+E49+E42 -> 96131.4
A66: ANÁLISIS DE PRECIOS UNITARIOS
A68: ÍTEM: | B68: =+'PRESUPUESTO OFICIAL (Entidad)'!D16 -> 1.3 | C68: =+VLOOKUP(B68,'PRESUPUESTO OFICIAL (Entidad)'!$D$14:$I$89,4,FALSE) -> LLENO COMPACTADO CON MATERIAL SELECCIONADO | D68: #REF! | E68: #REF!
A69: UNIDAD: | B69: =+VLOOKUP(B68,'PRESUPUESTO OFICIAL (Entidad)'!$D$14:$I$89,5,FALSE) -> m³ | C69: #REF! | D69: #REF! | E69: #REF!
A71: I. EQUIPO
A72: Descripción | B72: Unidad | C72: Tarifa | D72: Rendimiento | E72: Vlr Unitario
A73: Herramienta Menor (% M.O) | B73: % | C73: 0.05 | D73: 1 | E73: =+C73*D73*E94 -> 2863.4
D75: Sub-total | E75: =SUM(E73:E74) -> 2863.4
A77: II. MATERIALES
A78: Descripción | B78: Unidad | C78: Tarifa | D78: Rendimiento | E78: Vlr Unitario
A79: =+MATERIALES!A610 -> Subbase granular Tipo INVIAS | B79: m3 | C79: 69900 | D79: 1.05 | E79: =+D79*C79 -> 73395
D82: Sub-total | E82: =SUM(E79:E81) -> 73395
A84: II.TRANSPORTE
A85: Descripción | B85: Unidad | C85: Tarifa | D85: Rendimiento | E85: Vlr Unitario
A86: =+'CARGUE, TRANSPORTE Y BOTADERO'!$A$6 -> Acarreo interno | B86: =+VLOOKUP(A86,'CARGUE, TRANSPORTE Y BOTADERO'!$A$3:$C$13,2,FALSE) -> m3-Ton | C86: =+VLOOKUP(A86,'CARGUE, TRANSPORTE Y BOTADERO'!$A$3:$C$13,3,FALSE) -> 12878 | D86: 1 | E86: =+D86*C86 -> 12878
A87: =+'CARGUE, TRANSPORTE Y BOTADERO'!$A$4 -> Transporte de material ( Zona Rural ) | B87: =+VLOOKUP(A87,'CARGUE, TRANSPORTE Y BOTADERO'!$A$3:$C$13,2,FALSE) -> m3-Ton*km | C87: =+VLOOKUP(A87,'CARGUE, TRANSPORTE Y BOTADERO'!$A$3:$C$13,3,FALSE) -> 3600 | D87: 10 | E87: =+D87*C87 -> 36000
D88: Sub-total | E88: =SUM(E86:E87) -> 48878
A90: III. MANO DE OBRA
A91: Descripción | B91: Unidad | C91: Tarifa | D91: Rendimiento | E91: Vlr Unitario
A92: CUADRILLA DD EXCAVACION 1:2 | B92: H/C | C92: 57268 | D92: 1 | E92: =+D92*C92 -> 57268
E93: =+D93*C93 -> 0
D94: Sub-total | E94: =SUM(E92:E93) -> 57268
A96: TOTAL COSTO DIRECTO | E96: =+E94+E88+E82+E75 -> 182404.4

Sheet CAP 2
A1: ANÁLISIS DE PRECIOS UNITARIOS
A3: ÍTEM: | B3: =+'PRESUPUESTO OFICIAL (Entidad)'!D19 -> 2.1 | C3: =+VLOOKUP(B3,'PRESUPUESTO OFICIAL (Entidad)'!$D$14:$I$89,4,FALSE) -> suministro transporte y construcción de solado en concreto simple de 17 Mpa y espesor 5 cm, de acuerdo a los niveles y especificaciones dados en los planos o indicaciones del supervisior. | D3: #REF! | E3: #REF!
A4: UNIDAD: | B4: =+VLOOKUP(B3,'PRESUPUESTO OFICIAL (Entidad)'!$D$14:$I$89,5,FALSE) -> m³ | C4: #REF! | D4: #REF! | E4: #REF!
A6: I. EQUIPO
A7: Descripción | B7: Unidad | C7: Tarifa | D7: Rendimiento | E7: Vlr Unitario
A8: Herramienta Menor (% M.O) | B8: % | C8: 0.05 | D8: 1 | E8: =+C8*D8*E28 -> 3423.35
D10: Sub-total | E10: =SUM(E8:E9) -> 3423.35
A12: II. MATERIALES
A13: Descripción | B13: Unidad | C13: Tarifa | D13: Rendimiento | E13: Vlr Unitario
A14: =+SUBANALIS!A4 -> Concreto en obra de 17 Mpa = 2400 PSI | B14: =+SUBANALIS!E4 -> m3 | C14: =+SUBANALIS!E32 -> 527175.28 | D14: 1.05 | E14: =+D14*C14 -> 553534.04
D16: Sub-total | E16: =SUM(E14:E15) -> 553534.04
A18: II.TRANSPORTE
A19: Descripción | B19: Unidad | C19: Tarifa | D19: Rendimiento | E19: Vlr Unitario
A20: =+'CARGUE, TRANSPORTE Y BOTADERO'!$A$5 -> Viaje de camion | B20: =+VLOOKUP(A20,'CARGUE, TRANSPORTE Y BOTADERO'!$A$3:$C$13,2,FALSE) -> Viaje | C20: =+VLOOKUP(A20,'CARGUE, TRANSPORTE Y BOTADERO'!$A$2:$C$13,3,FALSE) -> 450000 | D20: 0.05 | E20: =+D20*C20 -> 22500
D22: Sub-total | E22: =SUM(E20:E20) -> 22500
A24: III. MANO DE OBRA
A25: Descripción | B25: Unidad | C25: Tarifa | D25: Rendimiento | E25: Vlr Unitario
A26: =+SALARIOS!A$103 -> CUADRILLA DD CONCRETOS 1:2 | B26: =+VLOOKUP(A26,SALARIOS!$A$58:$C$106,2,FALSE) -> H/C | C26: =+VLOOKUP(A26,SALARIOS!$A$58:$C$106,3,FALSE) -> 68467 | D26: 1 | E26: =+D26*C26 -> 68467
E27: =+D27*C27 -> 0
D28: Sub-total | E28: =SUM(E26:E27) -> 68467
A30: TOTAL COSTO DIRECTO | E30: =+E28+E22+E16+E10 -> 647924.39
A33: ANÁLISIS DE PRECIOS UNITARIOS
A35: ÍTEM: | B35: =+'PRESUPUESTO OFICIAL (Entidad)'!D20 -> 2.2 | C35: =+VLOOKUP(B35,'PRESUPUESTO OFICIAL (Entidad)'!$D$14:$I$89,4,FALSE) -> Suministro,transporte y construccion de concreto de 3000 psi para zapata,esp=30cm, incluye materiales, mano de obra y equipo necesario | D35: #REF! | E35: #REF!
A36: UNIDAD: | B36: =+VLOOKUP(B35,'PRESUPUESTO OFICIAL (Entidad)'!$D$14:$I$89,5,FALSE) -> m³ | C36: #REF! | D36: #REF! | E36: #REF!
A38: I. EQUIPO
A39: Descripción | B39: Unidad | C39: Tarifa | D39: Rendimiento | E39: Vlr Unitario
A40: Herramienta Menor (% M.O) | B40: % | C40: 0.05 | D40: 1 | E40: =+C40*D40*E62 -> 10270.05
D42: Sub-total | E42: =SUM(E40:E41) -> 10270.05
A44: II. MATERIALES
A45: Descripción | B45: Unidad | C45: Tarifa | D45: Rendimiento | E45: Vlr Unitario
A46: =+SUBANALIS!$A$37 -> Concreto en obra de 21 Mpa = 3000 PSI | B46: =+SUBANALIS!$E$37 -> m3 | C46: =+SUBANALIS!$E$65 -> 598162.85 | D46: 1.05 | E46: =+D46*C46 -> 628070.99
A47: =+MATERIALES!A579 -> Switch sencillo | B47: =+VLOOKUP(A47,MATERIALES!$A$2:$C$3126,2,FALSE) -> und | C47: =+VLOOKUP(A47,MATERIALES!$A$2:$C$3126,3,FALSE) -> 7000 | D47: 3 | E47: =+D47*C47 -> 21000
A48: =+MATERIALES!$A$406 -> LARGUERO MADERA COMUN | B48: =+VLOOKUP(A48,MATERIALES!$A$2:$C$3126,2,FALSE) -> UND | C48: =+VLOOKUP(A48,MATERIALES!$A$2:$C$3126,3,FALSE) -> 19040 | D48: 1 | E48: =+D48*C48 -> 19040
A49: =+MATERIALES!$A$306 -> Clavos común de 1- 1/2" | B49: =+VLOOKUP(A49,MATERIALES!$A$2:$C$3126,2,FALSE) -> lb | C49: =+VLOOKUP(A49,MATERIALES!$A$2:$C$3126,3,FALSE) -> 11500 | D49: 0.4 | E49: =+D49*C49 -> 4600
D50: Sub-total | E50: =SUM(E46:E49) -> 672710.99
A52: II.TRANSPORTE
A53: Descripción | B53: Unidad | C53: Tarifa | D53: Rendimiento | E53: Vlr Unitario
A54: =+'CARGUE, TRANSPORTE Y BOTADERO'!$A$5 -> Viaje de camion | B54: =+VLOOKUP(A54,'CARGUE, TRANSPORTE Y BOTADERO'!$A$3:$C$13,2,FALSE) -> Viaje | C54: =+VLOOKUP(A54,'CARGUE, TRANSPORTE Y BOTADERO'!$A$2:$C$13,3,FALSE) -> 450000 | D54: 0.1 | E54: =+D54*C54 -> 45000
D56: Sub-total | E56: =SUM(E54:E54) -> 45000
A58: III. MANO DE OBRA
A59: Descripción | B59: Unidad | C59: Tarifa | D59: Rendimiento | E59: Vlr Unitario
A60: =+SALARIOS!A$103 -> CUADRILLA DD CONCRETOS 1:2 | B60: =+VLOOKUP(A60,SALARIOS!$A$58:$C$106,2,FALSE) -> H/C | C60: =+VLOOKUP(A60,SALARIOS!$A$58:$C$106,3,FALSE) -> 68467 | D60: 3 | E60: =+D60*C60 -> 205401
E61: =+D61*C61 -> 0
D62: Sub-total | E62: =SUM(E60:E61) -> 205401
A64: TOTAL COSTO DIRECTO | E64: =+E62+E56+E50+E42 -> 933382.04
A67: ANÁLISIS DE PRECIOS UNITARIOS
A69: ÍTEM: | B69: =+'PRESUPUESTO OFICIAL (Entidad)'!D21 -> 2.3 | C69: =+VLOOKUP(B69,'PRESUPUESTO OFICIAL (Entidad)'!$D$14:$I$89,4,FALSE) -> Suministro transporte y construcción pedestales en concreto de 3000 psi, de seccion 35X35X1M m de altura, incluye materiales, mano de obra transporte y equipo necesario. | D69: #REF! | E69: #REF!
A70: UNIDAD: | B70: =+VLOOKUP(B69,'PRESUPUESTO OFICIAL (Entidad)'!$D$14:$I$89,5,FALSE) -> m³ | C70: #REF! | D70: #REF! | E70: #REF!
A72: I. EQUIPO
A73: Descripción | B73: Unidad | C73: Tarifa | D73: Rendimiento | E73: Vlr Unitario
A74: Herramienta Menor (% M.O) | B74: % | C74: 0.05 | D74: 1 | E74: =+C74*D74*E99 -> 13693.4
A75: Can zunchado en madera común de 5,0cmx20cmx3,0m (alquiler). Incluye transporte. | B75: dia | C75: 1000 | D75: =2*7 -> 14 | E75: =+D75*C75 -> 14000
A76: Gato tensor | B76: dia | C76: 2500 | D76: =2*7 -> 14 | E76: =+D76*C76 -> 35000
A77: Chapeta tensora (alquiler). Incluye transporte. | B77: dia | C77: 350 | D77: =5*7 -> 35 | E77: =+D77*C77 -> 12250
D78: Sub-total | E78: =SUM(E74:E77) -> 74943.4
A80: II. MATERIALES
A81: Descripción | B81: Unidad | C81: Tarifa | D81: Rendimiento | E81: Vlr Unitario
A82: =+SUBANALIS!$A$37 -> Concreto en obra de 21 Mpa = 3000 PSI | B82: =+SUBANALIS!$E$37 -> m3 | C82: =+SUBANALIS!$E$65 -> 598162.85 | D82: 1.05 | E82: =+D82*C82 -> 628070.99
A83: =+MATERIALES!$A$611 -> Tabla madera común de 1,7cm x 20cm x 3,0m. | B83: =+VLOOKUP(A83,MATERIALES!$A$2:$C$3126,2,FALSE) -> und | C83: =+VLOOKUP(A83,MATERIALES!$A$2:$C$3126,3,FALSE) -> 19040 | D83: 6 | E83: =+D83*C83 -> 114240
A84: =+MATERIALES!$A$406 -> LARGUERO MADERA COMUN | B84: =+VLOOKUP(A84,MATERIALES!$A$2:$C$3126,2,FALSE) -> UND | C84: =+VLOOKUP(A84,MATERIALES!$A$2:$C$3126,3,FALSE) -> 19040 | D84: 4 | E84: =+D84*C84 -> 76160
A85: =+MATERIALES!$A$306 -> Clavos común de 1- 1/2" | B85: =+VLOOKUP(A85,MATERIALES!$A$2:$C$3126,2,FALSE) -> lb | C85: =+VLOOKUP(A85,MATERIALES!$A$2:$C$3126,3,FALSE) -> 11500 | D85: 0.4 | E85: =+D85*C85 -> 4600
A86: =+MATERIALES!$A$205 -> Alambre recocido Cal 18 | B86: =+VLOOKUP(A86,MATERIALES!$A$2:$C$3126,2,FALSE) -> kg | C86: =+VLOOKUP(A86,MATERIALES!$A$2:$C$3126,3,FALSE) -> 7335 | D86: 0.25 | E86: =+D86*C86 -> 1833.75
D87: Sub-total | E87: =SUM(E82:E86) -> 824904.74
A89: II.TRANSPORTE
A90: Descripción | B90: Unidad | C90: Tarifa | D90: Rendimiento | E90: Vlr Unitario
A91: =+'CARGUE, TRANSPORTE Y BOTADERO'!$A$5 -> Viaje de camion | B91: =+VLOOKUP(A91,'CARGUE, TRANSPORTE Y BOTADERO'!$A$3:$C$13,2,FALSE) -> Viaje | C91: =+VLOOKUP(A91,'CARGUE, TRANSPORTE Y BOTADERO'!$A$2:$C$13,3,FALSE) -> 450000 | D91: 0.1 | E91: =+D91*C91 -> 45000
D93: Sub-total | E93: =SUM(E91:E91) -> 45000
A95: III. MANO DE OBRA
A96: Descripción | B96: Unidad | C96: Tarifa | D96: Rendimiento | E96: Vlr Unitario
A97: =+SALARIOS!A$103 -> CUADRILLA DD CONCRETOS 1:2 | B97: =+VLOOKUP(A97,SALARIOS!$A$58:$C$106,2,FALSE) -> H/C | C97: =+VLOOKUP(A97,SALARIOS!$A$58:$C$106,3,FALSE) -> 68467 | D97: 4 | E97: =+D97*C97 -> 273868
E98: =+D98*C98 -> 0
D99: Sub-total | E99: =SUM(E97:E98) -> 273868
A101: TOTAL COSTO DIRECTO | E101: =+E99+E93+E87+E78 -> 1218716.1
A104: ANÁLISIS DE PRECIOS UNITARIOS
A106: ÍTEM: | B106: =+'PRESUPUESTO OFICIAL (Entidad)'!D22 -> 2.4 | C106: =+VLOOKUP(B106,'PRESUPUESTO OFICIAL (Entidad)'!$D$14:$I$89,4,FALSE) -> Construccion de placa de piso en concreto de 3000 psi, de espesor 10cm reforzada con malla electrosoldada d-50, entresuelo en piedra acomodada de 20 cm | D106: #REF! | E106: #REF!
A107: UNIDAD: | B107: =+VLOOKUP(B106,'PRESUPUESTO OFICIAL (Entidad)'!$D$14:$I$89,5,FALSE) -> m² | C107: #REF! | D107: #REF! | E107: #REF!
A109: I. EQUIPO
A110: Descripción | B110: Unidad | C110: Tarifa | D110: Rendimiento | E110: Vlr Unitario
A111: Herramienta Menor (% M.O) | B111: % | C111: 0.05 | D111: 1 | E111: =+C111*D111*E136 -> 3423.35
D113: Sub-total | E113: =SUM(E111:E112) -> 3423.35
A115: II. MATERIALES
A116: Descripción | B116: Unidad | C116: Tarifa | D116: Rendimiento | E116: Vlr Unitario
A117: =+SUBANALIS!$A$37 -> Concreto en obra de 21 Mpa = 3000 PSI | B117: =+SUBANALIS!$E$37 -> m3 | C117: =+SUBANALIS!$E$65 -> 598162.85 | D117: 0.1 | E117: =+D117*C117 -> 59816.285
A118: =+MATERIALES!$A$542 -> Separol o equivalente | B118: =+VLOOKUP(A118,MATERIALES!$A$2:$C$3126,2,FALSE) -> kg | C118: =+VLOOKUP(A118,MATERIALES!$A$2:$C$3126,3,FALSE) -> 23000 | D118: 3 | E118: =+D118*C118 -> 69000
A119: =+MATERIALES!$A$406 -> LARGUERO MADERA COMUN | B119: =+VLOOKUP(A119,MATERIALES!$A$2:$C$3126,2,FALSE) -> UND | C119: =+VLOOKUP(A119,MATERIALES!$A$2:$C$3126,3,FALSE) -> 19040 | D119: 1 | E119: =+D119*C119 -> 19040
A120: =+MATERIALES!$A$306 -> Clavos común de 1- 1/2" | B120: =+VLOOKUP(A120,MATERIALES!$A$2:$C$3126,2,FALSE) -> lb | C120: =+VLOOKUP(A120,MATERIALES!$A$2:$C$3126,3,FALSE) -> 11500 | D120: 0.4 | E120: =+D120*C120 -> 4600
A121: =+MATERIALES!$A$452 -> Malla Electrosoldada D-84 | B121: =+VLOOKUP(A121,MATERIALES!$A$2:$C$3126,2,FALSE) -> m2 | C121: =+VLOOKUP(A121,MATERIALES!$A$2:$C$3126,3,FALSE) -> 7052.766 | D121: 1.05 | E121: =+D121*C121 -> 7405.4043
A122: =+MATERIALES!$A$794 -> ALAMBRE NEGRO | B122: =+VLOOKUP(A122,MATERIALES!$A$2:$C$3126,2,FALSE) -> Kg | C122: =+VLOOKUP(A122,MATERIALES!$A$2:$C$3126,3,FALSE) -> 6073 | D122: 0.05 | E122: =+D122*C122 -> 303.65
A123: =+MATERIALES!$A$205 -> Alambre recocido Cal 18 | B123: =+VLOOKUP(A123,MATERIALES!$A$2:$C$3126,2,FALSE) -> kg | C123: =+VLOOKUP(A123,MATERIALES!$A$2:$C$3126,3,FALSE) -> 7335 | D123: 0.25 | E123: =+D123*C123 -> 1833.75
D124: Sub-total | E124: =SUM(E117:E123) -> 161999.09
A126: II.TRANSPORTE
A127: Descripción | B127: Unidad | C127: Tarifa | D127: Rendimiento | E127: Vlr Unitario
A128: =+'CARGUE, TRANSPORTE Y BOTADERO'!$A$5 -> Viaje de camion | B128: Viaje | C128: 450000 | D128: 0.05 | E128: =+D128*C128 -> 22500
D130: Sub-total | E130: =SUM(E128:E128) -> 22500
A132: III. MANO DE OBRA
A133: Descripción | B133: Unidad | C133: Tarifa | D133: Rendimiento | E133: Vlr Unitario
A134: =+SALARIOS!A$103 -> CUADRILLA DD CONCRETOS 1:2 | B134: =+VLOOKUP(A134,SALARIOS!$A$58:$C$106,2,FALSE) -> H/C | C134: =+VLOOKUP(A134,SALARIOS!$A$58:$C$106,3,FALSE) -> 68467 | D134: 1 | E134: =+D134*C134 -> 68467
E135: =+D135*C135 -> 0
D136: Sub-total | E136: =SUM(E134:E135) -> 68467
A138: TOTAL COSTO DIRECTO | E138: =+E136+E130+E124+E113 -> 256389.44

Sheet CAP 3
A1: ANÁLISIS DE PRECIOS UNITARIOS
A3: ÍTEM: | B3: =+'PRESUPUESTO OFICIAL (Entidad)'!D25 -> 3.1 | C3: =+VLOOKUP(B3,'PRESUPUESTO OFICIAL (Entidad)'!$D$14:$I$89,4,FALSE) -> Construcción y montaje de ESTRUCTURA METÁLICA, en PERFILERIA TIPO IPE, HEA, PHR-C, PTE para elementos de cubierta, columnas metalicas, según diseño. Incluye: suministro y transporte de láminas, platinas, uniones, soldaduras de acabado o presentación, anclajes y pernos a estructura de concreto y madera. Todos los elementos deben llevar wash primer, pintura anticorrosiva, (2) dos manos de esmalte base aceite mate, color por definir, ensayos a soldaduras, anticorrosivos y pinturas, obra falsa y todo el equipo y la herramienta necesaria para el montaje. | D3: #REF! | E3: #REF!
A4: UNIDAD: | B4: =+VLOOKUP(B3,'PRESUPUESTO OFICIAL (Entidad)'!$D$14:$I$89,5,FALSE) -> kg | C4: #REF! | D4: #REF! | E4: #REF!
A6: I. EQUIPO
A7: Descripción | B7: Unidad | C7: Tarifa | D7: Rendimiento | E7: Vlr Unitario
A8: Herramienta Menor (% M.O) | B8: % | C8: 0.05 | D8: 1 | E8: =+C8*D8*E35 -> 58.374
A9: =+EQUIPO!$A$25 -> Soldador Eléctrico MILLER XMT CC/W 300 AMP. | B9: =+VLOOKUP(A9,EQUIPO!$A$2:$C$86,2,FALSE) -> dia | C9: =+VLOOKUP(A9,EQUIPO!$A$2:$C$86,3,FALSE) -> 65500 | D9: 0.05 | E9: =+C9*D9 -> 3275
A10: =+EQUIPO!$A$9 -> Pluma grua giratoria de 250 kg 30-60m | B10: =+VLOOKUP(A10,EQUIPO!$A$2:$C$86,2,FALSE) -> dia | C10: =+VLOOKUP(A10,EQUIPO!$A$2:$C$86,3,FALSE) -> 115000 | D10: 0.005 | E10: =+C10*D10 -> 575
A11: =+EQUIPO!$A$27 -> Sección completa cuerpo de andamio (1.2m-1,5m) * 1,5m. (+4 ruedas) | B11: =+VLOOKUP(A11,EQUIPO!$A$2:$C$86,2,FALSE) -> dia | C11: =+VLOOKUP(A11,EQUIPO!$A$2:$C$86,3,FALSE) -> 19500 | D11: 0.05 | E11: =+C11*D11 -> 975
A12: =+MATERIALES!A273 -> Can Zunchado en madera común. De 3,5cm x 20 cm x 3,0m. Incluye transporte. | B12: =+VLOOKUP(A12,MATERIALES!$A$2:$C$3121,2,FALSE) -> und | C12: =+VLOOKUP(A12,MATERIALES!$A$2:$C$3121,3,FALSE) -> 15000 | D12: 0.05 | E12: =+C12*D12 -> 750
A13: =+EQUIPO!$A$53 -> Equipo de oxicorte, con pipetas | B13: =+VLOOKUP(A13,EQUIPO!$A$2:$C$86,2,FALSE) -> dia | C13: =+VLOOKUP(A13,EQUIPO!$A$2:$C$86,3,FALSE) -> 36854 | D13: 0.05 | E13: =+C13*D13 -> 1842.7
D14: Sub-total | E14: =SUM(E8:E13) -> 7476.074
A16: II. MATERIALES
A17: Descripción | B17: Unidad | C17: Tarifa | D17: Rendimiento | E17: Vlr Unitario
A18: Acero en elementos estructurales | B18: =+VLOOKUP(A18,MATERIALES!$A$2:$C$3121,2,FALSE) -> kg | C18: =+VLOOKUP(A18,MATERIALES!$A$2:$C$3121,3,FALSE) -> 10254 | D18: 1.05 | E18: =+D18*C18 -> 10766.7
A19: =+MATERIALES!$A$1516 -> ANTICORROSIVO GRIS 507 1/4 | B19: =+VLOOKUP(A19,MATERIALES!$A$2:$C$3121,2,FALSE) -> UND | C19: =+VLOOKUP(A19,MATERIALES!$A$2:$C$3121,3,FALSE) -> 24076 | D19: 0.006 | E19: =+D19*C19 -> 144.456
A20: =+MATERIALES!$A$339 -> Disco Diamantado Segmentado 9 Pulgadas Ref DW47902HP | B20: =+VLOOKUP(A20,MATERIALES!$A$2:$C$3121,2,FALSE) -> und | C20: =+VLOOKUP(A20,MATERIALES!$A$2:$C$3121,3,FALSE) -> 90900 | D20: 0.003 | E20: =+D20*C20 -> 272.7
A21: =+MATERIALES!$A$1718 -> CORROTEC ALTA TEMP NEGRO 901 GAL | B21: =+VLOOKUP(A21,MATERIALES!$A$2:$C$3121,2,FALSE) -> UND | C21: =+VLOOKUP(A21,MATERIALES!$A$2:$C$3121,3,FALSE) -> 132677 | D21: 0.01 | E21: =+D21*C21 -> 1326.77
A22: =+MATERIALES!$A$572 -> SOLDADURA PVC EN 1/8 | B22: =+VLOOKUP(A22,MATERIALES!$A$2:$C$3121,2,FALSE) -> und | C22: =+VLOOKUP(A22,MATERIALES!$A$2:$C$3121,3,FALSE) -> 49900 | D22: 0.035 | E22: =+D22*C22 -> 1746.5
D23: Sub-total | E23: =SUM(E18:E22) -> 14257.126
A25: II.TRANSPORTE
A26: Descripción | B26: Unidad | C26: Tarifa | D26: Rendimiento | E26: Vlr Unitario
A27: =+'CARGUE, TRANSPORTE Y BOTADERO'!$A$5 -> Viaje de camion | B27: =+VLOOKUP(A27,'CARGUE, TRANSPORTE Y BOTADERO'!$A$3:$C$13,2,FALSE) -> Viaje | C27: =+VLOOKUP(A27,'CARGUE, TRANSPORTE Y BOTADERO'!$A$2:$C$13,3,FALSE) -> 450000 | D27: 0.001 | E27: =+D27*C27 -> 450
D29: Sub-total | E29: =SUM(E27:E27) -> 450
A31: III. MANO DE OBRA
A32: Descripción | B32: Unidad | C32: Tarifa | D32: Rendimiento | E32: Vlr Unitario
A33: =+SALARIOS!$A$69 -> CUADRILLA BB INSTALACIONES 1:1 | B33: =+VLOOKUP(A33,SALARIOS!$A$58:$C$106,2,FALSE) -> H/C | C33: =+VLOOKUP(A33,SALARIOS!$A$58:$C$106,3,FALSE) -> 38916 | D33: 0.03 | E33: =+D33*C33 -> 1167.48
E34: =+D34*C34 -> 0
D35: Sub-total | E35: =SUM(E33:E34) -> 1167.48
A37: TOTAL COSTO DIRECTO | E37: =+E35+E29+E14+E23 -> 23350.68
A40: ANÁLISIS DE PRECIOS UNITARIOS
A42: ÍTEM: | B42: =+'PRESUPUESTO OFICIAL (Entidad)'!D26 -> 3.2 | C42: =+VLOOKUP(B42,'PRESUPUESTO OFICIAL (Entidad)'!$D$14:$I$89,4,FALSE) -> ACERO GRADO 60 . Incluye Suministro transporte , corte, figurado y amarre de acero en barras de 6 mt, incluye andamios y demas elementos necesarios para su correcta instalacion. | D42: #REF! | E42: #REF!
A43: UNIDAD: | B43: =+VLOOKUP(B42,'PRESUPUESTO OFICIAL (Entidad)'!$D$14:$I$89,5,FALSE) -> kg | C43: #REF! | D43: #REF! | E43: #REF!
A45: I. EQUIPO
A46: Descripción | B46: Unidad | C46: Tarifa | D46: Rendimiento | E46: Vlr Unitario
A47: Herramienta Menor (% M.O) | B47: % | C47: 0.05 | D47: 1 | E47: =+C47*D47*E67 -> 97.29
D49: Sub-total | E49: =SUM(E47:E48) -> 97.29
A51: II. MATERIALES
A52: Descripción | B52: Unidad | C52: Tarifa | D52: Rendimiento | E52: Vlr Unitario
A53: =+MATERIALES!$A$4 -> Acero de refuerzo 4200 Fy | B53: =+VLOOKUP(A53,MATERIALES!$A$2:$C$3126,2,FALSE) -> kg | C53: =+VLOOKUP(A53,MATERIALES!$A$2:$C$3121,3,FALSE) -> 5480 | D53: 1.05 | E53: =+D53*C53 -> 5754
A54: =+MATERIALES!$A$205 -> Alambre recocido Cal 18 | B54: =+VLOOKUP(A54,MATERIALES!$A$2:$C$3126,2,FALSE) -> kg | C54: =+VLOOKUP(A54,MATERIALES!$A$2:$C$3121,3,FALSE) -> 7335 | D54: 0.033 | E54: =+D54*C54 -> 242.055
D55: Sub-total | E55: =SUM(E53:E54) -> 5996.055
A57: II.TRANSPORTE
A58: Descripción | B58: Unidad | C58: Tarifa | D58: Rendimiento | E58: Vlr Unitario
A59: =+'CARGUE, TRANSPORTE Y BOTADERO'!$A$5 -> Viaje de camion | B59: =+VLOOKUP(A59,'CARGUE, TRANSPORTE Y BOTADERO'!$A$3:$C$13,2,FALSE) -> Viaje | C59: =+VLOOKUP(A59,'CARGUE, TRANSPORTE Y BOTADERO'!$A$2:$C$13,3,FALSE) -> 450000 | D59: 0.0002 | E59: =+D59*C59 -> 90
D61: Sub-total | E61: =SUM(E59:E59) -> 90
A63: III. MANO DE OBRA
A64: Descripción | B64: Unidad | C64: Tarifa | D64: Rendimiento | E64: Vlr Unitario
A65: =+SALARIOS!$A$69 -> CUADRILLA BB INSTALACIONES 1:1 | B65: =+VLOOKUP(A65,SALARIOS!$A$58:$C$106,2,FALSE) -> H/C | C65: =+VLOOKUP(A65,SALARIOS!$A$58:$C$106,3,FALSE) -> 38916 | D65: 0.05 | E65: =+D65*C65 -> 1945.8
E66: =+D66*C66 -> 0
D67: Sub-total | E67: =SUM(E65:E66) -> 1945.8
A69: TOTAL COSTO DIRECTO | E69: =+E67+E61+E49+E55 -> 8129.145
A72: ANÁLISIS DE PRECIOS UNITARIOS
A74: ÍTEM: | B74: =+'PRESUPUESTO OFICIAL (Entidad)'!D27 -> 3.3 | C74: =+VLOOKUP(B74,'PRESUPUESTO OFICIAL (Entidad)'!$D$14:$I$89,4,FALSE) -> Suministro, transporte y colocacion de platinas de acero de 300x300x10mm+4 pernos de 4/4" x10" y dos tuercas y un arandela | D74: #REF! | E74: #REF!
A75: UNIDAD: | B75: m³ | C75: #REF! | D75: #REF! | E75: #REF!
A77: I. EQUIPO
A78: Descripción | B78: Unidad | C78: Tarifa | D78: Rendimiento | E78: Vlr Unitario
A79: Herramienta Menor (% M.O) | B79: % | C79: 0.05 | D79: 1 | E79: =+C79*D79*E102 -> 97.29
A80: =+EQUIPO!$A$25 -> Soldador Eléctrico MILLER XMT CC/W 300 AMP. | B80: =+VLOOKUP(A80,EQUIPO!$A$2:$C$86,2,FALSE) -> dia | C80: =+VLOOKUP(A80,EQUIPO!$A$2:$C$86,3,FALSE) -> 65500 | D80: 0.06 | E80: =+C80*D80 -> 3930
A81: =+EQUIPO!$A$9 -> Pluma grua giratoria de 250 kg 30-60m | B81: =+VLOOKUP(A81,EQUIPO!$A$2:$C$86,2,FALSE) -> dia | C81: =+VLOOKUP(A81,EQUIPO!$A$2:$C$86,3,FALSE) -> 115000 | D81: 0.06 | E81: =+C81*D81 -> 6900
A82: =+EQUIPO!$A$27 -> Sección completa cuerpo de andamio (1.2m-1,5m) * 1,5m. (+4 ruedas) | B82: =+VLOOKUP(A82,EQUIPO!$A$2:$C$86,2,FALSE) -> dia | C82: =+VLOOKUP(A82,EQUIPO!$A$2:$C$86,3,FALSE) -> 19500 | D82: 0.06 | E82: =+C82*D82 -> 1170
A83: =+MATERIALES!A344 -> Grifería Ahorrador Tanque Dual | B83: =+VLOOKUP(A83,MATERIALES!$A$2:$C$3121,2,FALSE) -> und | C83: =+VLOOKUP(A83,MATERIALES!$A$2:$C$3121,3,FALSE) -> 85900 | D83: 0.06 | E83: =+C83*D83 -> 5154
D84: Sub-total | E84: =SUM(E79:E83) -> 17251.29
A86: II. MATERIALES
A87: Descripción | B87: Unidad | C87: Tarifa | D87: Rendimiento | E87: Vlr Unitario
A88: =+MATERIALES!$A$189 -> Concertina galvanizada Ø 0,30 m | B88: =+VLOOKUP(A88,MATERIALES!$A$2:$C$3121,2,FALSE) -> m | C88: =+VLOOKUP(A88,MATERIALES!$A$2:$C$3121,3,FALSE) -> 16237.5 | D88: 1 | E88: =+D88*C88 -> 16237.5
A89: =+MATERIALES!$A$1516 -> ANTICORROSIVO GRIS 507 1/4 | B89: =+VLOOKUP(A89,MATERIALES!$A$2:$C$3121,2,FALSE) -> UND | C89: =+VLOOKUP(A89,MATERIALES!$A$2:$C$3121,3,FALSE) -> 24076 | D89: 0.006 | E89: =+D89*C89 -> 144.456
D90: Sub-total | E90: =SUM(E88:E89) -> 16381.956
A92: II.TRANSPORTE
A93: Descripción | B93: Unidad | C93: Tarifa | D93: Rendimiento | E93: Vlr Unitario
A94: =+'CARGUE, TRANSPORTE Y BOTADERO'!$A$5 -> Viaje de camion | B94: =+VLOOKUP(A94,'CARGUE, TRANSPORTE Y BOTADERO'!$A$3:$C$13,2,FALSE) -> Viaje | C94: =+VLOOKUP(A94,'CARGUE, TRANSPORTE Y BOTADERO'!$A$2:$C$13,3,FALSE) -> 450000 | D94: 0.0002 | E94: =+D94*C94 -> 90
D96: Sub-total | E96: =SUM(E94:E94) -> 90
A98: III. MANO DE OBRA
A99: Descripción | B99: Unidad | C99: Tarifa | D99: Rendimiento | E99: Vlr Unitario
A100: =+SALARIOS!$A$69 -> CUADRILLA BB INSTALACIONES 1:1 | B100: =+VLOOKUP(A100,SALARIOS!$A$58:$C$106,2,FALSE) -> H/C | C100: =+VLOOKUP(A100,SALARIOS!$A$58:$C$106,3,FALSE) -> 38916 | D100: 0.05 | E100: =+D100*C100 -> 1945.8
E101: =+D101*C101 -> 0
D102: Sub-total | E102: =SUM(E100:E101) -> 1945.8
A104: TOTAL COSTO DIRECTO | E104: =+E102+E96+E84+E90 -> 35669.046

Sheet CAP 4
A1: ANÁLISIS DE PRECIOS UNITARIOS
A3: ÍTEM: | B3: =+'PRESUPUESTO OFICIAL (Entidad)'!D30 -> 4.1 | C3: =+VLOOKUP(B3,'PRESUPUESTO OFICIAL (Entidad)'!$D$14:$I$89,4,FALSE) -> Suministro, transporte y colocación de cubierta en teja sin traslapo MANO PLAS o similar color blanco. Incluye Clips de fijación, tornillos y todo lo necesario para su correcta instalación y funcionamiento. Según diseño de cubierta. | D3: #REF! | E3: #REF!
A4: UNIDAD: | B4: =+VLOOKUP(B3,'PRESUPUESTO OFICIAL (Entidad)'!$D$14:$I$89,5,FALSE) -> m² | C4: #REF! | D4: #REF! | E4: #REF!
A6: I. EQUIPO
A7: Descripción | B7: Unidad | C7: Tarifa | D7: Rendimiento | E7: Vlr Unitario
A8: Herramienta Menor (% M.O) | B8: % | C8: 0.05 | D8: 1 | E8: =+C8*D8*E31 -> 1771.175
A9: =+EQUIPO!$A$27 -> Sección completa cuerpo de andamio (1.2m-1,5m) * 1,5m. (+4 ruedas) | B9: =+VLOOKUP(A9,EQUIPO!$A$2:$C$86,2,FALSE) -> dia | C9: =+VLOOKUP(A9,EQUIPO!$A$2:$C$86,3,FALSE) -> 19500 | D9: 0.25 | E9: =+D9*C9 -> 4875
A10: =+EQUIPO!$A$81 -> Can zunchado en madera común de 5,0cmx20cmx3,0m (alquiler). Incluye transporte. | B10: =+VLOOKUP(A10,EQUIPO!$A$2:$C$86,2,FALSE) -> dia | C10: =+VLOOKUP(A10,EQUIPO!$A$2:$C$86,3,FALSE) -> 1000 | D10: 0.25 | E10: =+D10*C10 -> 250
D11: Sub-total | E11: =SUM(E8:E10) -> 6896.175
A13: II. MATERIALES
A14: Descripción | B14: Unidad | C14: Tarifa | D14: Rendimiento | E14: Vlr Unitario
A15: =+MATERIALES!A807 -> Teja Blanca 5.9x1.07m 2mm Cresta Alta Upvc Klar | B15: =+VLOOKUP(A15,MATERIALES!$A$2:$C$3121,2,FALSE) -> m2 | C15: =+VLOOKUP(A15,MATERIALES!$A$2:$C$3121,3,FALSE) -> 45915 | D15: 1.05 | E15: =+D15*C15 -> 48210.75
A16: =+MATERIALES!$A$658 -> Tornillo Autoperforante zincado cabeza hexagonal Nº 10-16-3/4" con arandela de neopreno. | B16: =+VLOOKUP(A16,MATERIALES!$A$2:$C$3121,2,FALSE) -> und | C16: =+VLOOKUP(A16,MATERIALES!$A$2:$C$3121,3,FALSE) -> 269 | D16: 1 | E16: =+D16*C16 -> 269
A17: =+MATERIALES!A1915 -> SIKASIL E NEGRO X 280ML | B17: =+VLOOKUP(A17,MATERIALES!$A$2:$C$3121,2,FALSE) -> UND | C17: =+VLOOKUP(A17,MATERIALES!$A$2:$C$3121,3,FALSE) -> 21947 | D17: 0.25 | E17: =+D17*C17 -> 5486.75
A18: =+MATERIALES!$A$1813 -> AEROCOL BEI MARFIL BTE 300ML | B18: =+VLOOKUP(A18,MATERIALES!$A$2:$C$3121,2,FALSE) -> UND | C18: =+VLOOKUP(A18,MATERIALES!$A$2:$C$3121,3,FALSE) -> 13020 | D18: 0.15 | E18: =+D18*C18 -> 1953
D19: Sub-total | E19: =SUM(E15:E18) -> 55919.5
A21: II.TRANSPORTE
A22: Descripción | B22: Unidad | C22: Tarifa | D22: Rendimiento | E22: Vlr Unitario
A23: =+'CARGUE, TRANSPORTE Y BOTADERO'!$A$5 -> Viaje de camion | B23: =+VLOOKUP(A23,'CARGUE, TRANSPORTE Y BOTADERO'!$A$3:$C$13,2,FALSE) -> Viaje | C23: =+VLOOKUP(A23,'CARGUE, TRANSPORTE Y BOTADERO'!$A$2:$C$13,3,FALSE) -> 450000 | D23: 0.01 | E23: =+D23*C23 -> 4500
D25: Sub-total | E25: =SUM(E23:E23) -> 4500
A27: III. MANO DE OBRA
A28: Descripción | B28: Unidad | C28: Tarifa | D28: Rendimiento | E28: Vlr Unitario
A29: =+SALARIOS!A71 -> CUADRILLA BB INSTALACIONES 1:3 | B29: =+VLOOKUP(A29,SALARIOS!$A$58:$C$106,2,FALSE) -> H/C | C29: 70847 | D29: 0.5 | E29: =+D29*C29 -> 35423.5
E30: =+D30*C30 -> 0
D31: Sub-total | E31: =SUM(E29:E30) -> 35423.5
A33: TOTAL COSTO DIRECTO | E33: =+E31+E25+E11+E19 -> 102739.18

Sheet CAP 5
A1: ANÁLISIS DE PRECIOS UNITARIOS
A3: ÍTEM: | B3: =+'PRESUPUESTO OFICIAL (Entidad)'!D33 -> 5.1 | C3: =+VLOOKUP(B3,'PRESUPUESTO OFICIAL (Entidad)'!$D$14:$I$89,4,FALSE) -> Suministro, transporte y colocación de canoa en lamina galvanizada calibre 20, .empalmes con soldadura autógena. , soportes, tornillos autoperforantes, wash primer, anticorrosivo epóxico por ambas caras, acabado con esmalte en la cara inferior a la vista y todos los elementos necesarios para su correcta instalación y funcionamiento. Según diseño de cubierta. Incluye embudos en laminas | D3: #REF! | E3: #REF!
A4: UNIDAD: | B4: =+VLOOKUP(B3,'PRESUPUESTO OFICIAL (Entidad)'!$D$14:$I$89,5,FALSE) -> m | C4: #REF! | D4: #REF! | E4: #REF!
A6: I. EQUIPO
A7: Descripción | B7: Unidad | C7: Tarifa | D7: Rendimiento | E7: Vlr Unitario
A8: Herramienta Menor (% M.O) | B8: % | C8: 0.05 | D8: 1 | E8: =+C8*D8*E37 -> 1771.175
A9: =+EQUIPO!$A$27 -> Sección completa cuerpo de andamio (1.2m-1,5m) * 1,5m. (+4 ruedas) | B9: =+VLOOKUP(A9,EQUIPO!$A$2:$C$86,2,FALSE) -> dia | C9: =+VLOOKUP(A9,EQUIPO!$A$2:$C$86,3,FALSE) -> 19500 | D9: 0.5 | E9: =+D9*C9 -> 9750
A10: =+EQUIPO!$A$81 -> Can zunchado en madera común de 5,0cmx20cmx3,0m (alquiler). Incluye transporte. | B10: =+VLOOKUP(A10,EQUIPO!$A$2:$C$86,2,FALSE) -> dia | C10: =+VLOOKUP(A10,EQUIPO!$A$2:$C$86,3,FALSE) -> 1000 | D10: 0.5 | E10: =+D10*C10 -> 500
D11: Sub-total | E11: =SUM(E8:E10) -> 12021.175
A13: II. MATERIALES
A14: Descripción | B14: Unidad | C14: Tarifa | D14: Rendimiento | E14: Vlr Unitario
A15: Canoa en U | B15: m | C15: 86000 | D15: 1.05 | E15: =+D15*C15 -> 90300
A16: Boquilla g | B16: Und | C16: 22000 | D16: 0.1667 | E16: =+D16*C16 -> 3667.4
A17: Gancho fij canoa | B17: un | C17: 2100 | D17: 1 | E17: =+D17*C17 -> 2100
A18: Anticorrosivo | B18: galon | C18: 74900 | D18: 0.05 | E18: =+D18*C18 -> 3745
A19: Pintura anticorrosivo | B19: galon | C19: 74900 | D19: 0.05 | E19: =+D19*C19 -> 3745
A20: Pintulux | B20: gl | C20: 109900 | D20: 0.05 | E20: =+D20*C20 -> 5495
A21: Thinner y/o disolvente | B21: gl | C21: 55800 | D21: 0.05 | E21: =+D21*C21 -> 2790
A22: Pintura acondicionador de superficies Tipo Wash Primer, componente B. Presentación por 1/4 galón | B22: gal | C22: 34900 | D22: 0.02 | E22: =+D22*C22 -> 698
A23: Embudo galvanizado Calibre 22 | B23: un | C23: 28000 | D23: 0.25 | E23: =+D23*C23 -> 7000
A24: Tornillo Autoperforante zincado cabeza hezagonal Nº 10-16-3/4" con arandela de neopreno. | B24: un | C24: 91 | D24: 2 | E24: =+D24*C24 -> 182
D25: Sub-total | E25: =SUM(E15:E24) -> 119722.4
A27: II.TRANSPORTE
A28: Descripción | B28: Unidad | C28: Tarifa | D28: Rendimiento | E28: Vlr Unitario
A29: =+'CARGUE, TRANSPORTE Y BOTADERO'!$A$5 -> Viaje de camion | B29: =+VLOOKUP(A29,'CARGUE, TRANSPORTE Y BOTADERO'!$A$3:$C$13,2,FALSE) -> Viaje | C29: =+VLOOKUP(A29,'CARGUE, TRANSPORTE Y BOTADERO'!$A$2:$C$13,3,FALSE) -> 450000 | D29: 0.01 | E29: =+D29*C29 -> 4500
D31: Sub-total | E31: =SUM(E29:E29) -> 4500
A33: III. MANO DE OBRA
A34: Descripción | B34: Unidad | C34: Tarifa | D34: Rendimiento | E34: Vlr Unitario
A35: =+SALARIOS!$A$71 -> CUADRILLA BB INSTALACIONES 1:3 | B35: =+VLOOKUP(A35,SALARIOS!$A$58:$C$106,2,FALSE) -> H/C | C35: =+VLOOKUP(A35,SALARIOS!$A$58:$C$106,3,FALSE) -> 70847 | D35: 0.5 | E35: =+D35*C35 -> 35423.5
E36: =+D36*C36 -> 0
D37: Sub-total | E37: =SUM(E35:E36) -> 35423.5
A39: TOTAL COSTO DIRECTO | E39: =+E37+E31+E11+E25 -> 171667.08
A42: ANÁLISIS DE PRECIOS UNITARIOS
A44: ÍTEM: | B44: =+'PRESUPUESTO OFICIAL (Entidad)'!D34 -> 5.2 | C44: =+VLOOKUP(B44,'PRESUPUESTO OFICIAL (Entidad)'!$D$14:$I$89,4,FALSE) -> Suministro, transporte e instalación de TUBERÍA PVC-VENTILACION, con un DIÁMETRO DE 4", para bajantes de aguas lluvias o reventilación. Incluye suministro y transporte de los materiales, bocas, accesorios, pegante, limpiador, wash primer, acabado en esmalte mate, color a definir por parte de interventoria, andamios, abrazaderas y todos los elementos necesarios para su correcta instalación y funcionamiento. | D44: #REF! | E44: #REF!
A45: UNIDAD: | B45: m | C45: #REF! | D45: #REF! | E45: #REF!
A48: I. EQUIPO
A49: Descripción | B49: Unidad | C49: Tarifa | D49: Rendimiento | E49: Vlr Unitario
A50: Herramienta Menor (% M.O) | B50: % | C50: 0.05 | D50: 1 | E50: =+C50*D50*E73 -> 548.81
D52: Sub-total | E52: =SUM(E50:E51) -> 548.81
A54: II. MATERIALES
A55: Descripción | B55: Unidad | C55: Tarifa | D55: Rendimiento | E55: Vlr Unitario
A56: =+MATERIALES!$A$67 -> Tubo Sanitario 4' X 6 Metros | B56: =+VLOOKUP(A56,MATERIALES!$A$2:$C$3126,2,FALSE) -> und | C56: =+VLOOKUP(A56,MATERIALES!$A$2:$C$3126,3,FALSE) -> 91900 | D56: =0.166666666666667*1.05 -> 0.175 | E56: =+D56*C56 -> 16082.5
A57: =+MATERIALES!$A$865 -> UNION SANITARIA DE 4 | B57: =+VLOOKUP(A57,MATERIALES!$A$2:$C$3126,2,FALSE) -> UND | C57: =+VLOOKUP(A57,MATERIALES!$A$2:$C$3126,3,FALSE) -> 8500 | D57: 0.15 | E57: =+D57*C57 -> 1275
A58: =+MATERIALES!$A$864 -> CODO PVC SANITARIO DE 4 | B58: =+VLOOKUP(A58,MATERIALES!$A$2:$C$3126,2,FALSE) -> UND | C58: =+VLOOKUP(A58,MATERIALES!$A$2:$C$3126,3,FALSE) -> 14600 | D58: 0.15 | E58: =+D58*C58 -> 2190
A59: =+MATERIALES!$A$441 -> LIMPIADOR PVC GERF 1 galón. | B59: =+VLOOKUP(A59,MATERIALES!$A$2:$C$3126,2,FALSE) -> und | C59: =+VLOOKUP(A59,MATERIALES!$A$2:$C$3126,3,FALSE) -> 76701 | D59: 0.002 | E59: =+D59*C59 -> 153.402
A60: =+MATERIALES!$A$571 -> Soldadura PVC (Unión simple) 1/4 | B60: =+VLOOKUP(A60,MATERIALES!$A$2:$C$3126,2,FALSE) -> und | C60: =+VLOOKUP(A60,MATERIALES!$A$2:$C$3126,3,FALSE) -> 96011 | D60: 0.002 | E60: =+D60*C60 -> 192.022
D61: Sub-total | E61: =SUM(E56:E60) -> 19892.924
A63: II.TRANSPORTE
A64: Descripción | B64: Unidad | C64: Tarifa | D64: Rendimiento | E64: Vlr Unitario
A65: =+'CARGUE, TRANSPORTE Y BOTADERO'!$A$5 -> Viaje de camion | B65: =+VLOOKUP(A65,'CARGUE, TRANSPORTE Y BOTADERO'!$A$3:$C$13,2,FALSE) -> Viaje | C65: =+VLOOKUP(A65,'CARGUE, TRANSPORTE Y BOTADERO'!$A$2:$C$13,3,FALSE) -> 450000 | D65: 0.001 | E65: =+D65*C65 -> 450
A66: =+'CARGUE, TRANSPORTE Y BOTADERO'!$A$6 -> Acarreo interno | B66: =+VLOOKUP(A66,'CARGUE, TRANSPORTE Y BOTADERO'!$A$3:$C$13,2,FALSE) -> m3-Ton | C66: =+VLOOKUP(A66,'CARGUE, TRANSPORTE Y BOTADERO'!$A$2:$C$13,3,FALSE) -> 12878 | D66: 0.001 | E66: =+D66*C66 -> 12.878
D67: Sub-total | E67: =SUM(E65:E66) -> 462.878
A69: III. MANO DE OBRA
A70: Descripción | B70: Unidad | C70: Tarifa | D70: Rendimiento | E70: Vlr Unitario
A71: =+SALARIOS!A70 -> CUADRILLA BB INSTALACIONES 1:2 | B71: =+VLOOKUP(A71,SALARIOS!$A$58:$C$106,2,FALSE) -> H/C | C71: =+VLOOKUP(A71,SALARIOS!$A$58:$C$106,3,FALSE) -> 54881 | D71: 0.2 | E71: =+D71*C71 -> 10976.2
E72: =+D72*C72 -> 0
D73: Sub-total | E73: =SUM(E71:E72) -> 10976.2
A75: TOTAL COSTO DIRECTO | E75: =+E73+E67+E52+E61 -> 31880.812
A78: ANÁLISIS DE PRECIOS UNITARIOS
A80: ÍTEM: | B80: =+'PRESUPUESTO OFICIAL (Entidad)'!D35 -> 5.3 | C80: =+VLOOKUP(B80,'PRESUPUESTO OFICIAL (Entidad)'!$D$14:$I$89,4,FALSE) -> Suministro, transporte y colocacion de cunetas tipo v, de espesor 10cm , desarrollo 60cm, incluye recebo en cascajo sucio de 10cm y refuerzo en malla electrosoldada d-50 | D80: #REF! | E80: #REF!
A81: UNIDAD: | B81: =+VLOOKUP(B80,'PRESUPUESTO OFICIAL (Entidad)'!$D$14:$I$89,5,FALSE) -> m | C81: #REF! | D81: #REF! | E81: #REF!
A83: I. EQUIPO
A84: Descripción | B84: Unidad | C84: Tarifa | D84: Rendimiento | E84: Vlr Unitario
A85: Herramienta Menor (% M.O) | B85: % | C85: 0.05 | D85: 1 | E85: =+C85*D85*E110 -> 3423.35
D87: Sub-total | E87: =SUM(E85:E86) -> 3423.35
A89: II. MATERIALES
A90: Descripción | B90: Unidad | C90: Tarifa | D90: Rendimiento | E90: Vlr Unitario
A91: =+SUBANALIS!$A$37 -> Concreto en obra de 21 Mpa = 3000 PSI | B91: =+SUBANALIS!$E$37 -> m3 | C91: =+SUBANALIS!$E$65 -> 598162.85 | D91: =0.1*0.6 -> 0.06 | E91: =+D91*C91 -> 35889.771
A92: =+MATERIALES!A610 -> Subbase granular Tipo INVIAS | B92: =+VLOOKUP(A92,MATERIALES!$A$2:$C$3126,2,FALSE) -> m3 | C92: =+VLOOKUP(A92,MATERIALES!$A$2:$C$3126,3,FALSE) -> 69900 | D92: =0.1*0.6 -> 0.06 | E92: =+D92*C92 -> 4194
A93: =+MATERIALES!$A$406 -> LARGUERO MADERA COMUN | B93: =+VLOOKUP(A93,MATERIALES!$A$2:$C$3126,2,FALSE) -> UND | C93: =+VLOOKUP(A93,MATERIALES!$A$2:$C$3126,3,FALSE) -> 19040 | D93: 1 | E93: =+D93*C93 -> 19040
A94: =+MATERIALES!$A$306 -> Clavos común de 1- 1/2" | B94: =+VLOOKUP(A94,MATERIALES!$A$2:$C$3126,2,FALSE) -> lb | C94: =+VLOOKUP(A94,MATERIALES!$A$2:$C$3126,3,FALSE) -> 11500 | D94: 0.4 | E94: =+D94*C94 -> 4600
A95: =+MATERIALES!$A$452 -> Malla Electrosoldada D-84 | B95: =+VLOOKUP(A95,MATERIALES!$A$2:$C$3126,2,FALSE) -> m2 | C95: =+VLOOKUP(A95,MATERIALES!$A$2:$C$3126,3,FALSE) -> 7052.766 | D95: 0.6 | E95: =+D95*C95 -> 4231.6596
A96: =+MATERIALES!$A$794 -> ALAMBRE NEGRO | B96: =+VLOOKUP(A96,MATERIALES!$A$2:$C$3126,2,FALSE) -> Kg | C96: =+VLOOKUP(A96,MATERIALES!$A$2:$C$3126,3,FALSE) -> 6073 | D96: 0.05 | E96: =+D96*C96 -> 303.65
A97: =+MATERIALES!$A$205 -> Alambre recocido Cal 18 | B97: =+VLOOKUP(A97,MATERIALES!$A$2:$C$3126,2,FALSE) -> kg | C97: =+VLOOKUP(A97,MATERIALES!$A$2:$C$3126,3,FALSE) -> 7335 | D97: 0.25 | E97: =+D97*C97 -> 1833.75
D98: Sub-total | E98: =SUM(E91:E97) -> 70092.831
A100: II.TRANSPORTE
A101: Descripción | B101: Unidad | C101: Tarifa | D101: Rendimiento | E101: Vlr Unitario
A102: =+'CARGUE, TRANSPORTE Y BOTADERO'!$A$5 -> Viaje de camion | B102: Viaje | C102: 450000 | D102: 0.05 | E102: =+D102*C102 -> 22500
D104: Sub-total | E104: =SUM(E102:E102) -> 22500
A106: III. MANO DE OBRA
A107: Descripción | B107: Unidad | C107: Tarifa | D107: Rendimiento | E107: Vlr Unitario
A108: =+SALARIOS!A$103 -> CUADRILLA DD CONCRETOS 1:2 | B108: =+VLOOKUP(A108,SALARIOS!$A$58:$C$106,2,FALSE) -> H/C | C108: =+VLOOKUP(A108,SALARIOS!$A$58:$C$106,3,FALSE) -> 68467 | D108: 1 | E108: =+D108*C108 -> 68467
E109: =+D109*C109 -> 0
D110: Sub-total | E110: =SUM(E108:E109) -> 68467
A112: TOTAL COSTO DIRECTO | E112: =+E110+E104+E98+E87 -> 164483.18

Sheet CAP 6
A1: ANÁLISIS DE PRECIOS UNITARIOS
A3: ÍTEM: | B3: =+'PRESUPUESTO OFICIAL (Entidad)'!D38 -> 6.1 | C3: =+VLOOKUP(B3,'PRESUPUESTO OFICIAL (Entidad)'!$D$14:$I$89,4,FALSE) -> Suministro, transporte y colocacion de baranda tipo pingüino para puente de altura 90 cm.( barra superior en tubo galvanizado de 4", barra inferior de 3"" paral en perfil estructural segun diseño., incluye anclaje, pernos, pintura y todos los elementos necesarios para su normal entrega. | D3: #REF! | E3: #REF!
A4: UNIDAD: | B4: =+VLOOKUP(B3,'PRESUPUESTO OFICIAL (Entidad)'!$D$14:$I$89,5,FALSE) -> m | C4: #REF! | D4: #REF! | E4: #REF!
A6: I. EQUIPO
A7: Descripción | B7: Unidad | C7: Tarifa | D7: Rendimiento | E7: Vlr Unitario
A8: Herramienta Menor (% M.O) | B8: % | C8: 0.05 | D8: 1 | E8: =+C8*D8*E32 -> 10627.05
D11: Sub-total | E11: =SUM(E8:E10) -> 10627.05
A13: II. MATERIALES
A14: Descripción | B14: Unidad | C14: Tarifa | D14: Rendimiento | E14: Vlr Unitario
A15: =+MATERIALES!A691 -> Tubería galvanizada de 3" pulg. Calibre 1,5mm x 6m | B15: =+VLOOKUP(A15,MATERIALES!$A$2:$C$3126,2,FALSE) -> und | C15: =+VLOOKUP(A15,MATERIALES!$A$2:$C$3126,3,FALSE) -> 134900 | D15: 3 | E15: =+D15*C15 -> 404700
A16: =+MATERIALES!$A$1515 -> ANTICORROSIVO RJO 310 1/4 | B16: UND | C16: 24076 | D16: 0.1667 | E16: =+D16*C16 -> 4013.4692
A17: Disolvente De Pinturas | B17: gal | C17: 56000 | D17: 1 | E17: =+D17*C17 -> 56000
A18: S-ESMALTE ALT BRILLO ALUM 26015 GAL | B18: UND | C18: 109050 | D18: 0.05 | E18: =+D18*C18 -> 5452.5
A19: Soldadura 7018 | B19: kg | C19: 21880 | D19: 0.05 | E19: =+D19*C19 -> 1094
D20: Sub-total | E20: =SUM(E15:E19) -> 471259.97
A22: II.TRANSPORTE
A23: Descripción | B23: Unidad | C23: Tarifa | D23: Rendimiento | E23: Vlr Unitario
A24: =+'CARGUE, TRANSPORTE Y BOTADERO'!$A$5 -> Viaje de camion | B24: =+VLOOKUP(A24,'CARGUE, TRANSPORTE Y BOTADERO'!$A$3:$C$13,2,FALSE) -> Viaje | C24: =+VLOOKUP(A24,'CARGUE, TRANSPORTE Y BOTADERO'!$A$2:$C$13,3,FALSE) -> 450000 | D24: 0.01 | E24: =+D24*C24 -> 4500
D26: Sub-total | E26: =SUM(E24:E24) -> 4500
A28: III. MANO DE OBRA
A29: Descripción | B29: Unidad | C29: Tarifa | D29: Rendimiento | E29: Vlr Unitario
A30: =+SALARIOS!$A$71 -> CUADRILLA BB INSTALACIONES 1:3 | B30: =+VLOOKUP(A30,SALARIOS!$A$58:$C$106,2,FALSE) -> H/C | C30: =+VLOOKUP(A30,SALARIOS!$A$58:$C$106,3,FALSE) -> 70847 | D30: 3 | E30: =+D30*C30 -> 212541
E31: =+D31*C31 -> 0
D32: Sub-total | E32: =SUM(E30:E31) -> 212541
A34: TOTAL COSTO DIRECTO | E34: =+E32+E26+E11+E20 -> 698928.02

Sheet SUBANALIS
A1: SUB ANALISIS
A3: DESCRIPCIÓN | E3: UNIDAD
A4: Concreto en obra de 17 Mpa = 2400 PSI | E4: m3
A6: I. EQUIPO
A7: Descripción | B7: Unidad | C7: Tarifa | D7: Rendimiento | E7: Vlr Unitario
A8: Herramienta Menos (% M.O) | B8: % | C8: 0.05 | D8: 1 | E8: =+C8*D8*E30 -> 4987.72
A9: Compactador a gasolina tipo rana | B9: dia | C9: 65000 | D9: 0.125 | E9: =+D9*C9 -> 8125
D11: Sub-total | E11: =SUM(E8:E10) -> 13112.72
A13: II. MATERIALES
A14: Descripción | B14: Unidad | C14: Tarifa | D14: Rendimiento | E14: Vlr Unitario
A15: Cemento gris | B15: kg | C15: 700 | D15: 300 | E15: =+D15*C15 -> 210000
A16: Triturado de 3/4" | B16: m3 | C16: 120428 | D16: 0.72 | E16: =+D16*C16 -> 86708.16
A17: Arena de concreto | B17: m3 | C17: 100000 | D17: 0.72 | E17: =+D17*C17 -> 72000
A18: Agua | B18: lt | C18: 60 | D18: 160 | E18: =+D18*C18 -> 9600
D19: Sub-total | E19: =SUM(E15:E18) -> 378308.16
A21: II.TRANSPORTE
A22: Descripción | B22: Unidad | C22: Tarifa | D22: Rendimiento | E22: Vlr Unitario
A23: Transporte de material ( Zona Rural ) | B23: m3-Ton*km | C23: 3600 | D23: 10 | E23: =+D23*C23 -> 36000
D24: Sub-total | E24: =SUM(E23:E23) -> 36000
A26: III. MANO DE OBRA
A27: Descripción | B27: Unidad | C27: Tarifa | D27: Rendimiento | E27: Vlr Unitario
A28: CUADRILLA DD CONCRETOS 1:5 | B28: H/C | C28: 124693 | D28: 0.8 | E28: =+D28*C28 -> 99754.4
E29: =+D29*C29 -> 0
D30: Sub-total | E30: =SUM(E28:E29) -> 99754.4
A32: TOTAL COSTO DIRECTO | E32: =+E30+E24+E11+E19 -> 527175.28
A36: DESCRIPCIÓN | E36: UNIDAD
A37: Concreto en obra de 21 Mpa = 3000 PSI | E37: m3
A39: I. EQUIPO
A40: Descripción | B40: Unidad | C40: Tarifa | D40: Rendimiento | E40: Vlr Unitario
A41: Herramienta Menos (% M.O) | B41: % | C41: 0.05 | D41: 1 | E41: =+C41*D41*E63 -> 6234.65
A42: Concretadora 2 bultos a gasolina | B42: dia | C42: 65000 | D42: 0.25 | E42: =+D42*C42 -> 16250
A43: Vibrador de concreto eléctrico a 110v (alquiler). Tipo aguja | B43: dia | C43: 65000 | D43: 0.25
D44: Sub-total | E44: =SUM(E41:E43) -> 22484.65
A46: II. MATERIALES
A47: Descripción | B47: Unidad | C47: Tarifa | D47: Rendimiento | E47: Vlr Unitario
A48: Cemento gris | B48: kg | C48: 700 | D48: 350 | E48: =+D48*C48 -> 245000
A49: Triturado de 3/4" | B49: m3 | C49: 120428 | D49: 0.9 | E49: =+D49*C49 -> 108385.2
A50: Arena de concreto | B50: m3 | C50: 100000 | D50: 0.52 | E50: =+D50*C50 -> 52000
A51: Agua | B51: lt | C51: 60 | D51: 160 | E51: =+D51*C51 -> 9600
D52: Sub-total | E52: =SUM(E48:E51) -> 414985.2
A54: II.TRANSPORTE
A55: Descripción | B55: Unidad | C55: Tarifa | D55: Rendimiento | E55: Vlr Unitario
A56: Transporte de material ( Zona Rural ) | B56: m3-Ton*km | C56: 3600 | D56: 10 | E56: =+D56*C56 -> 36000
D57: Sub-total | E57: =SUM(E56:E56) -> 36000
A59: III. MANO DE OBRA
A60: Descripción | B60: Unidad | C60: Tarifa | D60: Rendimiento | E60: Vlr Unitario
A61: CUADRILLA DD CONCRETOS 1:5 | B61: H/C | C61: 124693 | D61: 1 | E61: =+D61*C61 -> 124693
E62: =+D62*C62 -> 0
D63: Sub-total | E63: =SUM(E61:E62) -> 124693
A65: TOTAL COSTO DIRECTO | E65: =+E63+E57+E44+E52 -> 598162.85
A69: DESCRIPCIÓN | E69: UNIDAD
A70: Mortero de Pega 1:4 | E70: m3
A72: I. EQUIPO
A73: Descripción | B73: Unidad | C73: Tarifa | D73: Rendimiento | E73: Vlr Unitario
A74: Herramienta Menos (% M.O) | B74: % | C74: 0.05 | D74: 1 | E74: =+C74*D74*E94 -> 6234.65
A75: Concretadora 2 bultos a gasolina | B75: dia | C75: 65000 | D75: 0.25 | E75: =+D75*C75 -> 16250
D76: Sub-total | E76: =SUM(E74:E75) -> 22484.65
A78: II. MATERIALES
A79: Descripción | B79: Unidad | C79: Tarifa | D79: Rendimiento | E79: Vlr Unitario
A80: Cemento gris | B80: kg | C80: 700 | D80: 375 | E80: =+D80*C80 -> 262500
A81: Arena de pega | B81: m3 | C81: 82000 | D81: 1.2 | E81: =+D81*C81 -> 98400
A82: Agua | B82: lt | C82: 60 | D82: 240 | E82: =+D82*C82 -> 14400
D83: Sub-total | E83: =SUM(E80:E82) -> 375300
A85: II.TRANSPORTE
A86: Descripción | B86: Unidad | C86: Tarifa | D86: Rendimiento | E86: Vlr Unitario
A87: Transporte de material ( Zona Rural ) | B87: m3-Ton*km | C87: 3600 | D87: 10 | E87: =+D87*C87 -> 36000
D88: Sub-total | E88: =SUM(E87:E87) -> 36000
A90: III. MANO DE OBRA
A91: Descripción | B91: Unidad | C91: Tarifa | D91: Rendimiento | E91: Vlr Unitario
A92: CUADRILLA DD CONCRETOS 1:5 | B92: H/C | C92: 124693 | D92: 1 | E92: =+D92*C92 -> 124693
E93: =+D93*C93 -> 0
D94: Sub-total | E94: =SUM(E92:E93) -> 124693
A96: TOTAL COSTO DIRECTO | E96: =+E94+E88+E76+E83 -> 558477.65
A100: DESCRIPCIÓN | E100: UNIDAD
A101: Concreto en obra de 15 Mpa = 2175 PSI | E101: m3
A103: I. EQUIPO
A104: Descripción | B104: Unidad | C104: Tarifa | D104: Rendimiento | E104: Vlr Unitario
A105: Herramienta Menos (% M.O) | B105: % | C105: 0.05 | D105: 1 | E105: =+C105*D105*E127 -> 4987.72
A106: Compactador a gasolina tipo rana | B106: dia | C106: 65000 | D106: 0.125 | E106: =+D106*C106 -> 8125
D108: Sub-total | E108: =SUM(E105:E107) -> 13112.72
A110: II. MATERIALES
A111: Descripción | B111: Unidad | C111: Tarifa | D111: Rendimiento | E111: Vlr Unitario
A112: Cemento gris | B112: kg | C112: 700 | D112: 275 | E112: =+D112*C112 -> 192500
A113: Triturado de 3/4" | B113: m3 | C113: 120428 | D113: 0.72 | E113: =+D113*C113 -> 86708.16
A114: Arena de concreto | B114: m3 | C114: 100000 | D114: 0.72 | E114: =+D114*C114 -> 72000
A115: Agua | B115: lt | C115: 60 | D115: 160 | E115: =+D115*C115 -> 9600
D116: Sub-total | E116: =SUM(E112:E115) -> 360808.16
A118: II.TRANSPORTE
A119: Descripción | B119: Unidad | C119: Tarifa | D119: Rendimiento | E119: Vlr Unitario
A120: Transporte de material ( Zona Rural ) | B120: m3-Ton*km | C120: 3600 | D120: 10 | E120: =+D120*C120 -> 36000
D121: Sub-total | E121: =SUM(E120:E120) -> 36000
A123: III. MANO DE OBRA
A124: Descripción | B124: Unidad | C124: Tarifa | D124: Rendimiento | E124: Vlr Unitario
A125: CUADRILLA DD CONCRETOS 1:5 | B125: H/C | C125: 124693 | D125: 0.8 | E125: =+D125*C125 -> 99754.4
E126: =+D126*C126 -> 0
D127: Sub-total | E127: =SUM(E125:E126) -> 99754.4
A129: TOTAL COSTO DIRECTO | E129: =+E127+E121+E108+E116 -> 509675.28
A132: DESCRIPCIÓN | E132: UNIDAD
A133: Mortero de Revoque | E133: m3
A135: I. EQUIPO
...

Sheet sub analisis
A2: DESCRIPCION | B2: UNIDAD | C2: CANT | D2: DESP | E2: PRECIO | F2: TOTAL
A4: Mort.1:4 En obra | B4: m3 | F4: =F5+F6+F7*1.05+F8 -> 448452.43
A5: Arena de pega puesta en obra | B5: m3 | C5: 1.09 | D5: 5 | E5: 58000 | F5: =C5*E5*1.05 -> 66381
A6: Cemento gris Nare (50 Kg) | B6: sac | C6: 9 | D6: 10 | E6: 35000 | F6: =C6*E6*1.1 -> 346500
A7: M.de O.prepar.mezclas | B7: m3 | C7: 1 | D7: 0 | E7: 20000 | F7: =C7*E7 -> 20000
A8: Mezc.1 saco elect. | B8: día | C8: 7 | D8: 0 | E8: 102000 | F8: =E8/C8 -> 14571.429
A9: Transporte(Planta-obra | B9: m3 | C9: 1.09 | E9: 15000
A12: Concr.en obra 2500 psi 3/4" | B12: m3 | F12: =(F16*1.05)+F13+F14+F15+F18 -> 297336.61
A13: Triturado de 3/4" | B13: m3 | C13: 0.9 | D13: 5 | E13: 55123 | F13: =C13*E13*1.05 -> 52091.235
A14: Arena de concreto | B14: m3 | C14: 0.56 | D14: 5 | E14: 49892 | F14: =C14*E14*1.05 -> 29336.496
A15: Cemento gris Nare (50 Kg) | B15: sac | C15: 6 | D15: 10 | E15: 28000 | F15: =C15*E15*1.05 -> 176400
A16: M.de O.prepar.mezclas | B16: m3 | C16: 1 | D16: 0 | E16: 22619 | F16: =C16*E16*1.05 -> 23749.95
A17: Transp. Mat.(Planta-obra | B17: m3 | C17: 1.5 | D17: 0 | E17: 25000 | F17: =C17*E17*1.05 -> 39375
A18: Mezc.1 saco elect. | B18: día | C18: 7 | D18: 0 | E18: 102000 | F18: =E18/C18 -> 14571.429
A20: Concr.en obra 3000 psi 3/4" | B20: m3 | F20: =F21+F22+F23+F24+F25+F26+F27 -> 494046.71
A21: Triturado de 3/4 pulg | B21: m3 | C21: =0.8*0+0.74 -> 0.74 | D21: 5 | E21: 96000 | F21: =C21*E21*1.05 -> 74592
A22: Arena de concreto | B22: m3 | C22: =0.56*0+0.53 -> 0.53 | D22: 5 | E22: 96000 | F22: =C22*E22*1.05 -> 53424
A23: Cemento gris Nare (50 Kg) | B23: sac | C23: 7.5 | D23: 0 | E23: 35000 | F23: =C23*E23*1.1 -> 288750
A24: Agua | B24: m3 | C24: 0.18 | E24: 2500 | F24: =C24*E24*1.1 -> 495
A25: M.de O.prepar.mezclas | B25: m3 | C25: 1 | D25: 0 | E25: 25000 | F25: =C25*E25 -> 25000
A26: Mezc. 3 saco elect. | B26: día | C26: 7 | D26: 0 | E26: 100000 | F26: =E26/C26 -> 14285.714
A27: Transp. Mat.(Planta-obra | B27: m3 | C27: 1.5 | E27: 25000 | F27: =E27*C27 -> 37500

Sheet MATERIALES
A1: DESCRIPCÍON | B1: UNIDAD | C1: PRECIO
A2: Abasto metálico (llave de regulación liviana de 1/2"metálica con manguera metálica) | B2: und | C2: 25000
A3: Abrazadera tipo fijador galvanizado para tubo de Ø= 3" + tornillos marca mecano ref FPAG300 o equivalente. | B3: und | C3: 6200
A4: Acero de refuerzo 4200 Fy | B4: kg | C4: 5480
A5: Grífel acero Ø 3/8" | B5: Kg | C5: 5654
A6: Acero en Elementos Estructurales | B6: kg | C6: 9500
A7: Acido Nítrico 1 Galón | B7: gal | C7: 33900
A8: Acondicionador de Superficie Novafort x 250cc. - Pavco o equivalente. | B8: und | C8: 84652
A9: Ácronal | B9: gal | C9: 39900
A10: Acople 1/2 X 7/8 40 Cm Plástico Sanitario | B10: und | C10: 5900
A11: Acople Metal Lavamanos/Lavaplatos 60 Cm 1/2 X 1/2, Grival | B11: und | C11: 25900
A12: Adaptador EMT 1" | B12: und | C12: 3300
A13: Super T de 19 mm. de 1,53 x 2,44 m. | B13: Und | C13: 255000
... A211: Ángulo de 1" x 1/8" CS | B211: ml | C211: 6086
A212: Angulo de 1" x 1/4".1/8" 6m + M.O Cerrajero | B212: und | C212: =44500+50000 -> 94500
A213: Herraje metalico de 1 m x 1m medidas externas en angulo y platina de 2"x1/8". Incluye marco y tapa | B213: und | C213: 460000
A214: Bloque Napolitano | B214: Und | C214: 3400
A215: Bloque de cemento 20x20 | B215: Und | C215: 4597
A216: Arena de concreto | B216: m3 | C216: 100000
A217: Arena de pega | B217: m3 | C217: 82000
A218: Arena de peña bulto 40kg | B218: und | C218: 11900
A219: Arena revoque | B219: m3 | C219: 90000
A220: Arena lavada de rio | B220: m3 | C220: 75000
A221: Arena lavada de rio bulto 40kg | B221: und | C221: 16000
A222: Arena no estructural | B222: m3 | C222: =38500*1.5*1.19 -> 68722.5
A223: Arenilla para lleno | B223: m3 | C223: 48500
A224: Arenilla para pisos | B224: m3 | C224: 80000
A225: Arena fina | B225: m3 | C225: 95000
A226: Paral vertical 6 cm. En lámina de acero galvanizado para muro en placas de yeso | B226: m | C226: 2547
A227: Baldosa de fondo Habana grano No. 1 30x30 | B227: m2 | C227: 67500
A228: Baldosa blanca con grano 30*30 | B228: m2 | C228: 64870
A229: Baliza tubular | B229: und | C229: 36127
A230: Barniz brillante exterior a base de aceite, tipo Pintuco-Pintulux | B230: gal | C230: 78100
A231: Base anticorrosiva y adherente | B231: gal | C231: 74900
A232: Base granular Tipo INVIAS | B232: m3 | C232: 74500
A233: Base tapa poros incoloro ref 7203 | B233: gal | C233: 108900
A234: Bisagra de trabajo pesado de 2 1/2" x 4" | B234: und | C234: 18160
... A236: Bisagra Pta Acero Inox 3-1/2 X 2-1/4pulg 1.5mm y tornillería | B236: und | C236: 11900
A237: Bisagra Piston 5/8pg + M.O Cerradura | B237: und | C237: =10450+10000 -> 20450
A238: Bisagras Rectangular Acero 2 Pulg X 1.1/2 Pulg | B238: und | C238: 14000
A239: Bloque cemento liso 40 x 20 x 10 cm | B239: und | C239: 3481.5
A240: Bloque cemento liso 40 x 20 x 12 cm | B240: und | C240: 3971
A241: Bloque cemento liso 40 x 20 x 15 cm | B241: und | C241: 4576
A242: Bloque cemento liso 40 x 20 x 20 cm | B242: und | C242: 5918
A243: Boquilla Blanca | B243: kg | C243: 6220
A244: Bombillo ahorrador 9w | B244: und | C244: 9300
A245: Boquilla Concolor Junta Estrecha Blanco Hueso 1kg | B245: kg | C245: =14500/2 -> 7250
A246: Boquilla galvanizada de 1" con contratuerca | B246: und | C246: 1950
A247: Brickaffix caja x 10kg 4 und x 2.5kg | B247: und | C247: 49400
A248: Brida sanitaria de fijación 4", incluye empaque de caucho y tornillos de fijación | B248: und | C248: 26000
A249: Broca de 1/2" para concreto | B249: und | C249: 15600
A250: Broca Tipo Usa P/Muro Punta Tungsteno 5/8 X 6" | B250: und | C250: 16900
A251: BROCHA GOYA PROF M/AZL 1/2" | B251: UND | C251: 3385
A252: BROCHA GOYA PROF M/AZL 1" | B252: UND | C252: 4420
A253: BROCHA GOYA PROF M/AZL 1-1/2" | B253: UND | C253: 5289
A254: BROCHA GOYA PROF M/AZL 2" | B254: UND | C254: 6792
A255: BROCHA GOYA PROF M/AZL 2-1/2" | B255: UND | C255: 8016
A256: BROCHA GOYA PROF M/AZL 3" | B256: UND | C256: 11259
A257: BROCHA GOYA PROF M/AZL 4" | B257: UND | C257: 15052
... A276: Cemento blanco (saco 40 kilos) Argos | B276: und | C276: 75500
A277: Cemento blanco Argos | B277: kg | C277: =C276/40 -> 1887.5
A278: Cemento gris (saco 42,.5 kilos) Argos escructural | B278: und | C278: 36653
A279: Cemento gris (saco 50 kilos) Argos | B279: und | C279: 35000
A280: Cemento gris (saco 50 kilos) Cemex | B280: und | C280: 32000
A281: Cemento gris | B281: kg | C281: =C279/50 -> 700
A282: Cera Polimérica líquida para pisos. | B282: lt | C282: 28600
A283: Ceramica Pare Jaya Blanco de corona | B283: m2 | C283: 36000
A284: Chapa candado para puertas metálicas pesadas Vera o equivalente | B284: und | C284: 89000
A285: Chapa Reja Derecha M.O Cerrajero | B285: und | C285: =59900+40000 -> 99900
A286: Chapa con llave para tablero eléctrico | B286: und | C286: 10190
A287: Chazo concreto expansivo 1/2" x 4" | B287: und | C287: 3017
A288: Chipa 1/4" | B288: kilo | C288: 4630
A289: Chipa 3/8" | B289: kilo | C289: 4820
A290: Cerradura para baño ref 5302 tipo Yale | B290: und | C290: 48990
A291: Barra corrugada 1/4" Sin transporte | B291: und | C291: 7802
A292: Barra corrugada 3/8" Sin transporte | B292: und | C292: 15994
A293: Barra corrugada 1/2" Sin transporte | B293: und | C293: 27950
A294: Barra corrugada 5/8" Sin transporte | B294: und | C294: 43771
A295: Barra corrugada 3/4" Sin transporte | B295: und | C295: 63034
A296: Barra corrugada 7/8" Sin transporte | B296: und | C296: 85794
A297: Barra lisa 1" Sin transporte | B297: m | C297: 24867
... A318: Codo PVC-S Ø4" | B318: und | C318: 14600
A319: codo 45°de PVC-S Ø1 1/2" | C319: 3800
A320: codo 45° de PVC-S Ø2" | B320: und | C320: 4200
A321: codo 45° de PVC-S Ø3" | B321: und | C321: 9000
A322: Codo 45º PVC-S Ø4" | B322: und | C322: 16500
A323: Codo 45º PVC-S CxC, Ø= 4". | B323: und | C323: 17900
A324: Codo 90 x 1/2" CPVC | B324: und | C324: 1290
A325: Codo 90º PVC-P Ø= 1/2". | B325: und | C325: 500
A326: Codo 90º PVC-S CxC, Ø= 4". | B326: und | C326: 9400
A327: Codo Galvanizado Calibre 26, para canoas. | B327: und | C327: 12000
A328: Codo Galvanizado Calibre 24, para canoas. | B328: und | C328: 18000
A329: Concreto de pega y nivelación 1:3:2, cemento, arena de concreto y agregado de 3/8"-1/2". Preparado en obra. | B329: m3 | C329: 340247
A330: Concreto en obra de 14MPa | B330: m3 | C330: 426948
A331: Concreto en obra de 17 Mpa | B331: m3 | C331: 455462
... A353: Elementos y accesorios para Campo de Infiltración.Incluye Prueba de Percolación, estructura de soporte con cajas de gaseosa, 6 distribuidores de agua tratada en espina de pescado, geotextil y los respectivos accesorios. | B353: glo | C353: 1650000
A354: Emulsión de rompimiento Lento | B354: gal | C354: =9000*1.19 -> 10710
A355: Embudo galvanizado Calibre 24 | B355: und | C355: 26200
A356: Embudo galvanizado Calibre 22 | B356: und | C356: 28485
A357: Empaque para sanitario | B357: und | C357: 8900
...

Sheet EQUIPO
A1: DESCRIPCÍON | B1: UNIDAD | C1: TARIFA
A2: Volqueta sencilla | B2: hr | C2: 80795
A3: Volqueta Dobletroque | B3: hr | C3: 130855
A4: Vibrocompactador SD70 | B4: hr | C4: 119000
A5: Vibrocompactador liso para pavimento | B5: hr | C5: 205001
A6: Vibrocompactador de llantas para pavimento | B6: hr | C6: 226001
A7: Vibro compactador rodillo y llanta 10 ton | B7: hr | C7: 125000
A8: Vibrador de concreto eléctrico a 110v (alquiler). Tipo aguja | B8: dia | C8: 45000
A9: Pluma grua giratoria de 250 kg 30-60m | B9: dia | C9: 115000
A10: Camion Grua | B10: dia | C10: 1600000
A11: Lijadora de piso | B11: dia | C11: 90000
A12: Mezclador electrico | B12: dia | C12: 35000
A13: Rociador tipo airless | B13: dia | C13: 150000
A14: Transito kern dkm-1 | B14: dia | C14: =112095*1.06 -> 118820.7
A15: Can Zunchado en madera común. De 3,5cm x 20 cm x 3,0m. Incluye transporte. | B15: und | C15: 15000
A16: Telera 0.90 x1.35 m. Alquiler | B16: dia | C16: 4900
A17: TALADRO ROTO - PERCUTOR DE 3/4" | B17: dia | C17: 100000
A18: TALADRO ROTO - PERCUTOR DE 1/2" | B18: dia | C18: 57350
A19: Taladro demoledor machin | B19: dia | C19: 160000
A20: Taladro demoledor eléctrico para muro 220 vol | B20: dia | C20: 70000
A21: Taladro | B21: dia | C21: 35000
A22: Taco metálico - halador para 5 @ 5.20 m | B22: dia | C22: 1800
A23: Taco metálico - halador para 3.8 @ 4.20 m | B23: dia | C23: 1300
A24: Taco metálico - halador para de 2 @ 3.3 m | B24: dia | C24: 500
A25: Soldador Eléctrico MILLER XMT CC/W 300 AMP. | B25: dia | C25: 65500
A26: Sierra circular manual (alquiler) + transporte | B26: dia | C26: 12500
... A56: Equipo aplicador de imprimante | B56: dia | C56: 13036
A57: Disco punta de diamante para cortadora 14" (alquiler) | B57: dia | C57: =36300*1.19 -> 43197
A58: Disco de corte ( Bloque de concreto y adobe ) | B58: m2 | C58: 6188
A59: Diferencial 3 Ton | B59: dia | C59: 20395
A60: Cuña hidráulica (Darda) | B60: dia | C60: 160710
A61: Gato tensor | B61: dia | C61: 2500
A62: Chapeta tensora (alquiler). Incluye transporte. | B62: dia | C62: 350
A63: Cortadorade ladrillo | B63: dia | C63: 45000
A64: Cortadora de piso a 6 cm de profundidad (minmo dia 50 ml)/ml | B64: ml | C64: =8000*1.19 -> 9520
A65: Cortadora de ladrillo / disco | B65: dia | C65: 91214
A66: Cortadora de disco para piso y/o pavimento (no incluye disco) | B66: dia | C66: =88000*1.19 -> 104720
A67: Cortadora de Cerámica TX-900 TM-50 TS-60 | B67: dia | C67: 11000
A68: CORTADO LADRILLO+DIS+OP | B68: dia | C68: 102384
A69: Concretadora electrica 1 1/2 a gasolina | B69: dia | C69: 70000
A70: Concretadora 2 bultos electrica 220V | B70: dia | C70: 75000
A71: Concretadora 2 bultos a gasolina | B71: dia | C71: 90000
A72: Concretadora 1 bultos a gasolina | B72: dia | C72: 60000
A73: Concretadora 1 1/2 electrica | B73: dia | C73: 55000
A74: compresor para demolicón 250 CPM. Incluye un martillo, operador y combustible | B74: hr | C74: 127347
A75: Compactador a gasolina tipo rana | B75: dia | C75: 65000
A76: Cercha metálica de 3m (alquiler). Incluye transporte. | B76: dia | C76: 1200
A77: Carrotanque de agua de 1000 galones | B77: dia | C77: 641001
A78: Carro tanque para aspersión de imprimación | B78: hr | C78: 131251
... A86: Aplicador de alumina | B86: dia | C86: 3927
A532: X X X X X X X X X X X X X X X X X X X X X X X X X X X X X X X X X X X X X X X X X

Sheet CARGUE, TRANSPORTE Y BOTADERO
A1: VALORES TRANSPORTE
A2: DESCRIPCIÓN | B2: UNIDAD | C2: PRECIO
A3: Transporte de material ( Zona Urba ) | B3: m3-Ton*km | C3: 2200
A4: Transporte de material ( Zona Rural ) | B4: m3-Ton*km | C4: 3600
A5: Viaje de camion | B5: Viaje | C5: 450000
A6: Acarreo interno | B6: m3-Ton | C6: 12878
A7: Acarreo interno x m2 | B7: m2 | C7: 1800
A8: Acarreo interno und | B8: und | C8: 3500
A9: Acarreo interno und 2 | B9: und | C9: 1500
A10: Cargue material | B10: m3-Ton | C10: 4500
A11: Derechos de explotación y/o disposición de materiales. | B11: m3-Ton | C11: 5982
A12: Transporte equipo menor | B12: und | C12: 7350
A13: Transporte de maquinaria pesada | B13: und | C13: 1108500
